 Dungeon Crawl Stone Soup version 0.30-a0-949-g53dc5368d7 (webtiles) character file.

Game seed: 4106584887645014796

2537048 mopl the Highly Combustible (level 27, 197/197 HPs)
             Began as a Mummy Fire Elementalist on Mar 27, 2023.
             Was the Champion of Vehumet.
             Escaped with the Orb
             ... and 4 runes!
             The game lasted 04:18:03 (68447 turns).

mopl the Highly Combustible (MuFE)                 Turns: 68447, Time: 04:18:03

Health: 197/197    AC: 18    Str: 27    XL:     27
Magic:  60/60      EV: 19    Int: 34    God:    Vehumet [******]
Gold:   9400       SH: 11    Dex: 18    Spells: 2/74 levels left

rFire   + . .      SeeInvis +    a - staff of fire "Ottu" {rElec rF+ rC+ Int+2 Dex+3}
rCold   + + +      Faith    +    p - +3 warlock's mirror {omnireflect}
rNeg    + + +      Spirit   .    t - +2 troll leather armour "Engesk" {Harm +Blink rElec Regen+ MP+9 Stlth+}
rPois   ∞          Reflect  +    y - +2 helmet of Fumoeloum {Int+3 Slay+3}
rElec   +          Rampage  .    g - scarf {rC+ rF+}
rCorr   +          Harm     + .  z - +2 pair of gloves of Integrity {Str+4}
Will    +++++                    e - +2 pair of boots {Fly}
Stlth   +                        F - amulet of Vitality {RegenMP++ Regen++}
HPRegen 2.92/turn                Y - ring "Hamavum" {rN+ rCorr Str+6 SInv}
MPRegen 1.17/turn                j - ring of the Ornamental Lime {rC+++ Will++ Str+6 Int+3 Stlth-}

@: flying, studying 4 skills
A: cold resistance 1, negative energy resistance 3, torment resistance 2, heat
vulnerability 1, in touch with death 2, no potions, faith
0: Orb of Zot
}: 4/15 runes: decaying, serpentine, slimy, silver
a: Renounce Religion, Evoke Blink


You escaped.
You worshipped Vehumet.
Vehumet was exalted by your worship.
You visited 13 branches of the dungeon, and saw 58 of its levels.
You visited 1 bazaar.
You completed 1 ziggurat, and saw 27 of its levels.
You also visited: Trove and Gauntlet.

You collected 11770 gold pieces.
You spent 2370 gold pieces at shops.

Inventory:

Hand Weapons
 c - the +5 scythe "Finisher" {speed, eviscerate}
   (You found it on level 27 of a ziggurat)
 v - the +8 mithril axe "Arga" {speed, Will+}
   (You found it on level 5 of a ziggurat)

   Will:      It increases your willpower.
Missiles
 d - 11 boomerangs of dispersal
 s - 7 atropa-tipped darts
 x - 33 curare-tipped darts
 G - 5 throwing nets
 P - 3 silver javelins
Armour
 e - a +2 pair of boots of flying (worn)
 g - a scarf of resistance (worn)
 p - the +3 warlock's mirror (worn) {omnireflect}
   (You found it on level 3 of the Lair of Beasts)

   Omnireflect: It can block and reflect piercing ranged attacks and magical
   attacks against the wielder's willpower.
 t - the +2 troll leather armour "Engesk" (worn) {Harm +Blink rElec Regen+ MP+9 Stlth+}
   (You found it on level 3 of the Depths)

   rElec:     It insulates you from electricity.
   MP:        It affects your magic capacity (+9).
   +Blink:    It lets you blink.
   Regen:     It increases your rate of health regeneration.
   Harm:      It increases damage dealt and taken.
   Stlth:     It makes you more stealthy.
 u - the +0 helmet "Jeokis" {rC+ MP+9}
   (You found it on level 14 of a ziggurat)

   rC:        It protects you from cold.
   MP:        It affects your magic capacity (+9).
 y - the +2 helmet of Fumoeloum (worn) {Int+3 Slay+3}
   (You found it on level 3 of the Swamp)

   Int:       It affects your intelligence (+3).
   Slay:      It affects your accuracy & damage with ranged weapons and melee
   (+3).
 z - the +2 pair of gloves of Integrity (worn) {Str+4}
   (You found it on level 8 of the Dungeon)

   Str:       It affects your strength (+4).
 M - the +4 Cigotuvi's embrace {Corpsefed rMiasma Drain rN+}
   (You found it on level 26 of a ziggurat)

   Corpsefed: It gathers nearby corpses to temporarily increase the armour it
   provides.
   rMiasma:   It protects you from foul pestilence.
   rN:        It protects you from negative energy.
   Drain:     It drains your maximum health when unequipped.
Magical Staves
 a - the staff of fire "Ottu" (weapon) {rElec rF+ rC+ Int+2 Dex+3}
   (You found it on level 5 of the Vaults)

   [staff of fire]

   Base accuracy: +5 Base damage: 5 Base attack delay: 1.2 This weapon's minimum
   attack delay (0.6) is reached at skill level 12.
   Int:       It affects your intelligence (+2).
   Dex:       It affects your dexterity (+3).
   rF:        It protects you from fire.
   rC:        It protects you from cold.
   rElec:     It insulates you from electricity.
   It falls into the 'Staves' category.
   It is a one-handed weapon.
 b - the staff of conjuration "Deoqiges" {Str+2 Int+5}
   (You found it on level 6 of a ziggurat)

   [staff of conjuration]

   Base accuracy: +5 Base damage: 5 Base attack delay: 1.2 This weapon's minimum
   attack delay (0.6) is reached at skill level 12.
   Str:       It affects your strength (+2).
   Int:       It affects your intelligence (+5).
   It falls into the 'Staves' category.
   It is a one-handed weapon.
 I - the staff of death "Hagae" {rF++ rC+++ rN+ Dex+2 Stlth-}
   (You found it on level 20 of a ziggurat)

   [staff of death]

   Base accuracy: +5 Base damage: 5 Base attack delay: 1.2 This weapon's minimum
   attack delay (0.6) is reached at skill level 12.
   Dex:       It affects your dexterity (+2).
   rF:        It greatly protects you from fire.
   rC:        It renders you almost immune to cold.
   rN:        It protects you from negative energy.
   Stlth:     It makes you less stealthy.
   It falls into the 'Staves' category.
   It is a one-handed weapon.
 Z - the staff of death "Salieryd" {rElec rN+ Will+ rCorr Str+3}
   (You found it on level 13 of a ziggurat)

   [staff of death]

   Base accuracy: +5 Base damage: 5 Base attack delay: 1.2 This weapon's minimum
   attack delay (0.6) is reached at skill level 12.
   Str:       It affects your strength (+3).
   rElec:     It insulates you from electricity.
   rN:        It protects you from negative energy.
   rCorr:     It protects you from acid and corrosion.
   Will:      It increases your willpower.
   It falls into the 'Staves' category.
   It is a one-handed weapon.
Jewellery
 i - the ring "Odepsat" {Will+ SInv}
   (You bought it in a shop on level 7 of the Dungeon)

   [ring of willpower]

   SInv:      It lets you see invisible.
   Will:      It increases your willpower.
 j - the ring of the Ornamental Lime (right hand) {rC+++ Will++ Str+6 Int+3 Stlth-}
   (You took it off a deep elf sorcerer on level 3 of the Elven Halls)

   [ring of strength]

   Str:       It affects your strength (+6).
   Int:       It affects your intelligence (+3).
   rC:        It renders you almost immune to cold.
   Will:      It greatly increases your willpower.
   Stlth:     It makes you less stealthy.
 o - the macabre finger necklace {Finger+ rN+}
   (You found it on level 5 of the Vaults)

   [amulet of nothing]

   Finger+:   It enables you to equip an extra ring.
   rN:        It protects you from negative energy.
 D - the ring "Yfehun" {rElec rPois Str+4 Int+4}
   (You found it on level 7 of a ziggurat)

   [ring of poison resistance]

   Str:       It affects your strength (+4).
   Int:       It affects your intelligence (+4).
   rElec:     It insulates you from electricity.
   rPois:     It protects you from poison.
 F - the amulet of Vitality (around neck) {RegenMP++ Regen++}
   (You found it on level 9 of a ziggurat)

   [amulet of magic regeneration]

   It increases your rate of magic regeneration.
   Regen:     It increases your rate of health regeneration.
 K - the ring "Nutinar" {rPois rF+ Will+ Int+3 Slay+2}
   (You acquired it on level 1 of the Lair of Beasts)

   [ring of willpower]

   Int:       It affects your intelligence (+3).
   Slay:      It affects your accuracy & damage with ranged weapons and melee
   (+2).
   rF:        It protects you from fire.
   rPois:     It protects you from poison.
   Will:      It increases your willpower.
 W - a ring of fire
 Y - the ring "Hamavum" (left hand) {rN+ rCorr Str+6 SInv}
   (You found it on level 3 of the Depths)

   [ring of strength]

   Str:       It affects your strength (+6).
   rN:        It protects you from negative energy.
   SInv:      It lets you see invisible.
   rCorr:     It protects you from acid and corrosion.
Wands
 w - a wand of charming (17)
 J - a wand of digging (25)
 Q - a wand of mindburst (16)
 R - a wand of polymorph (29)
 U - a wand of quicksilver (25)
 X - a wand of roots (42)
Scrolls
 f - 4 scrolls of torment {!r}
 h - 45 scrolls of teleportation
 m - 13 scrolls of fear
 n - 2 scrolls of butterflies
 q - 19 scrolls of magic mapping
 A - 13 scrolls of poison
 B - 19 scrolls of vulnerability
 C - 5 scrolls of enchant armour
 E - 7 scrolls of blinking
 H - 7 scrolls of silence {!r}
 L - 11 scrolls of immolation
 N - 21 scrolls of fog
Miscellaneous
 k - a condenser vane
 l - a phial of floods
 r - a box of beasts
 O - a lightning rod (4/4)
 S - a tin of tremorstones (2/2)
 T - a +1 figurine of a ziggurat
 V - a phantom mirror


   Skills:
 - Level 12.0 Fighting
 - Level 12.0 Staves
 + Level 12.2 Throwing
 + Level 10.7 Armour
 + Level 12.3 Dodging
 - Level 1.5 Stealth
 + Level 12.3 Shields
 + Level 24.2 Spellcasting
 - Level 23.0 Conjurations
 - Level 4.0 Hexes
 - Level 5.0 Translocations
 - Level 8.0 Transmutations
 O Level 27 Fire Magic
 + Level 10.3 Air Magic
 * Level 3.6 Earth Magic
 - Level 10.0 Poison Magic
 - Level 10.0 Evocations


You had 2 spell levels left.
You knew the following spells:

 Your Spells              Type           Power      Damage    Failure   Level
a - Apportation           Tloc           100%       N/A       1%          1
b - Orb of Destruction    Conj           57%        9d14      1%          7
c - Ignition              Fire           73%        3d19      1%          8
d - Iron Shot             Conj/Erth      46%        9d9       1%          6
e - Iskenderun's Mystic   Conj/Tloc      94%        2d18      1%          4
f - Fireball              Conj/Fire      71%        3d27      0%          5
g - Ignite Poison         Fire/Tmut/Pois 100%       N/A       0%          3
h - Plasma Beam           Fire/Air       64%        2x1d88    0%          5
i - Irradiate             Conj/Tmut      49%        3d28      1%          5
j - Blink                 Tloc           100%       N/A       1%          2
m - Maxwell's Capacitive  Air            42%        ∞         19%         8
o - Olgreb's Toxic Radia  Pois           83%        N/A       1%          4
y - Yara's Violent Unrav  Hex/Tmut       35%        3d14      1%          5
F - Fire Storm            Conj/Fire      71%        8d18      1%          9

Your spell library contained the following spells:

 Spells                   Type           Power      Damage    Failure   Level
 Polar Vortex             Ice            20%        N/A       100%        9
 Shatter                  Erth           30%        3d25*     100%        9
 Foxfire                  Conj/Fire      100%       2x1d9     0%          1
 Kiss of Death            Conj/Necr      100%       2d13      0%          1
 Magic Dart               Conj           100%       1d8       0%          1
 Shock                    Conj/Air       100%       1d9       0%          1
 Momentum Strike          Conj/Tloc      100%       3d10      0%          2
 Poisonous Vapours        Pois/Air       100%       N/A       0%          2
 Scorch                   Fire           100%       2d10      0%          2
 Searing Ray              Conj           100%       2d8       0%          2
 Static Discharge         Conj/Air       100%       2-7/arc   0%          2
 Freeze                   Ice            100%       1d10      1%          1
 Sandblast                Erth           100%       2d20      1%          1
 Sting                    Tmut/Pois      100%       1d8       1%          1
 Summon Small Mammal      Summ           100%       N/A       1%          1
 Call Imp                 Summ           41%        N/A       1%          2
 Cigotuvi's Dreadful Rot  Necr/Pois/Air  100%       N/A       1%          2
 Ensorcelled Hibernation  Hex/Ice        100%       N/A       1%          2
 Lesser Beckoning         Tloc           100%       N/A       1%          2
 Passwall                 Tmut/Erth      57%        N/A       1%          2
 Dazzling Flash           Conj/Hex       100%       N/A       0%          3
 Hailstorm                Conj/Ice       88%        3d18      0%          3
 Inner Flame              Hex/Fire       100%       N/A       0%          3
 Kindle Blastsparks       Fire/Tloc/Air  100%       2d18      0%          3
 Mephitic Cloud           Conj/Pois/Air  96%        N/A       0%          3
 Stone Arrow              Conj/Erth      100%       3d13      0%          3
 Flame Wave               Conj/Fire      100%       2d21      0%          4
 Sticky Flame             Conj/Fire      100%       2d11      0%          4
 Iskenderun's Battlesphe  Conj           100%       2d15      0%          5
 Starburst                Conj/Fire      71%        6d18      0%          6
 Frozen Ramparts          Ice            82%        1d13      1%          3
 Portal Projectile        Hex/Tloc       100%       N/A       1%          3
 Summon Guardian Golem    Hex/Summ       53%        N/A       1%          3
 Swiftness                Air            84%        N/A       1%          3
 Teleport Other           Tloc           66%        N/A       1%          3
 Tukima's Dance           Hex            62%        N/A       1%          3
 Vhi's Electric Charge    Tloc/Air       100%       N/A       1%          3
 Airstrike                Air            42%        2d(6-22)  1%          4
 Cause Fear               Hex            31%        N/A       1%          4
 Fulminant Prism          Conj/Hex       46%        3d21      1%          4
 Leda's Liquefaction      Hex/Erth       30%        N/A       1%          4
 Manifold Assault         Tloc           66%        N/A       1%          4
 Passage of Golubria      Tloc           66%        N/A       1%          4
 Petrify                  Tmut/Erth      69%        N/A       1%          4
 Summon Lightning Spire   Summ/Air       66%        N/A       1%          4
 Alistair's Intoxication  Tmut/Pois      53%        N/A       1%          5
 Arcjolt                  Conj/Air       50%        1d60      1%          5
 Freezing Cloud           Conj/Ice/Air   43%        6-21      1%          5
 Lee's Rapid Deconstruct  Erth           30%        3d16*     1%          5
 Conjure Ball Lightning   Conj/Air       50%        3x3d17    1%          6
 Eringya's Noxious Bog    Tmut/Pois      40%        N/A       1%          6
 Spellforged Servitor     Conj/Summ      44%        N/A       1%          7
 Call Canine Familiar     Summ           41%        N/A       2%          3
 Ozocubu's Armour         Ice            41%        N/A       2%          3
 Vampiric Draining        Necr           75%        2d11      2%          3
 Anguish                  Hex/Necr       44%        N/A       3%          4
 Animate Armour           Summ/Erth      100%       N/A       3%          4
 Lehudib's Crystal Spear  Conj/Erth      46%        10d11     6%          8
 Animate Dead             Necr           75%        N/A       9%          4
 Dispel Undead            Necr           75%        3d25      9%          4
 Summon Ice Beast         Ice/Summ       41%        N/A       9%          4
 Summon Forest            Summ/Tloc      27%        N/A       9%          5
 Metabolic Englaciation   Hex/Ice        26%        N/A       10%         5
 Summon Mana Viper        Hex/Summ       53%        N/A       10%         5
 Borgnjor's Vile Clutch   Necr/Erth      44%        N/A       11%         5
 Dispersal                Tloc           33%        N/A       16%         6
 Agony                    Necr           75%        N/A       22%         5
 Chain Lightning          Conj/Air       50%        3d67      22%         9
 Death Channel            Necr           37%        N/A       77%         6
 Simulacrum               Ice/Necr       37%        N/A       77%         6
 Summon Cactus Giant      Summ           20%        N/A       77%         6
 Enfeeble                 Hex            31%        N/A       80%         7
 Ozocubu's Refrigeration  Ice            20%        4d12      83%         7
 Malign Gateway           Summ/Tloc      27%        N/A       94%         7
 Haunt                    Necr/Summ      37%        N/A       100%        7
 Summon Hydra             Summ           20%        N/A       100%        7
 Discord                  Hex            31%        N/A       100%        8
 Disjunction              Tloc           33%        N/A       100%        8
 Dragon's Call            Summ           20%        N/A       100%        9
 Beastly Appendage        Tmut           Unusable   N/A       N/A         1
 Sublimation of Blood     Necr           Unusable   N/A       N/A         2
 Wereblood                Tmut           Unusable   N/A       N/A         2
 Spider Form              Tmut/Pois      Unusable   N/A       N/A         3
 Ice Form                 Ice/Tmut       Unusable   N/A       N/A         4
 Blade Hands              Tmut           Unusable   N/A       N/A         5
 Statue Form              Tmut/Erth      Unusable   N/A       N/A         6
 Storm Form               Tmut/Air       Unusable   N/A       N/A         7
 Dragon Form              Tmut           Unusable   N/A       N/A         7
 Necromutation            Tmut/Necr      Unusable   N/A       N/A         8
 Death's Door             Necr           Unusable   N/A       N/A         9

Dungeon Overview and Level Annotations

Branches:
Dungeon (15/15)            Temple (1/1) D:6            Lair (5/5) D:8
  Swamp (4/4) Lair:3        Snake (4/4) Lair:2        Slime (5/5) Lair:5
    Orc (2/2) D:9             Elf (3/3) Orc:2        Vaults (5/5) D:13
  Crypt (3/3) Vaults:3       Tomb (2/3) Crypt:3      Depths (4/4) D:15
    Zot (5/5) Depths:4    Gauntlet (visited)

Altars:
Ashenzari
Cheibriados
Dithmenos
Fedhas
Gozag
Hepliaklqana
Kikubaaqudgha
Makhleb
Nemelex Xobeh
Okawaru
Qazlal
Ru
Sif Muna
Trog
Uskayaw
Vehumet
Wu Jian
Xom
Yredelemnul
Jiyva
Lugonu

Shops:
D:6 [   D:7 =   D:8 *   D:9 (*   D:10 !   D:14 :   Orc:2 =*?!   Elf:3 :
Snake:3 =:=   Vaults:3 :   Vaults:4 [   Depths:1 :(

Portals:
Hell: Depths:1 Depths:2 Depths:3 Depths:4
Abyss: Lair:5 Depths:3
Pandemonium: Depths:2 Depths:3

Annotations:
Lair:5 3 runed translucent doors, 2tousent's ghost, journeyman TrGl; Debrubru's ghost, journeyman DEFE; stickyfingers's ghost, journeyman MeMo
Elf:2 3 runed translucent doors


Innate Abilities, Weirdness & Mutations

You are immune to poison.
Your flesh is cold resistant. (rC+)
You are immune to negative energy. (rN+++)
You are immune to unholy pain and torment.
You are vulnerable to heat. (rF-)
You are strongly in touch with the powers of death.
You do not drink.
You have a special connection with the divine. (Faith)


Message History

Unknown command.
Unknown command.
(D) Dungeon (T) Temple (L) Lair (S) Swamp (P) Snake Pit (M) Slime Pits (O) Orcish Mines (E) Elven Halls (V) Vaults (C) Crypt (W) Tomb (U) Depths (H) Hell (Z) Zot
Where to? (Enter - D:1, ? - help)
The plant is engulfed in blazing flames.
The plant is engulfed in blazing flames.
Magic restored.
The plant is engulfed in blazing flames.
A nearby plant withers and dies.
There is a stone staircase leading up here.
You fly upwards.
There is a stone staircase leading down here.
There is a stone staircase leading up here.
You fly upwards.
An Orb Guardian comes into view.
There is a stone staircase leading down here.
Casting: Fire Storm (dangerous; 1% risk of failure)
Confirm with . or Enter, or press ? or * to list all spells.
Aiming: Fire Storm (dangerous; 1% risk of failure)
Press: ? - help, Dir - move target, f - Orb Guardian
Aim: an Orb Guardian You feel a surge of power!
A raging storm of fire appears!
The great blast of fire engulfs the Orb Guardian!!!!
You kill the Orb Guardian!
Vehumet accepts your kill.
You feel your power returning.
(D) Dungeon (T) Temple (L) Lair (S) Swamp (P) Snake Pit (M) Slime Pits (O) Orcish Mines (E) Elven Halls (V) Vaults (C) Crypt (W) Tomb (U) Depths (H) Hell (Z) Zot
Where to? (Enter - D:1, ? - help) You're already here!
You see here 3 stones.
Magic restored.
There is an open door here.
There is a staircase leading out of the dungeon here.
You have escaped!

###.#.##### #...>.....##
#........... ##...#.##..##
#......##..## # ###
###.......#..## # ###.#
#............## #
#...♣♣#######..............
#
♣....♣#...@##.#............
#
♣....♣#....####............
♣....♣#...##~♣##.........##
#####
####..#.#'#~~♣♣#.......#.#
#...#
#..#..#.#<#~~~♣#.........#
#...#
#..#..#'###~~~♣#.......#.#
....#
#..#♣......~~~♣#.##......#
....#
#'##♣.....~~~~~#.#.....#.#
(...#
#..######.~~~8~#.##......#


There were no monsters in sight!

Vanquished Creatures
  the Royal Jelly (Slime:5)
  The ghost of Jiheses the Archmage, a legendary DEAE of Vehumet (Zig:25)
  The ghost of UltrafastDeath the Archmage, a legendary DECj of Vehumet (Zig:25)
  11 dread liches
  10 ancient liches
  6 orbs of fire
  Mara (Vaults:2)
  4 juggernauts
  The ghost of Hahenefa the Sensei, a legendary DsWn of Uskayaw (Zig:25)
  7 royal mummies
  Boris (Tomb:1)
  A shard shrike (Zig:22)
  Margery (Vaults:2)
  3 pandemonium lords
  6 Killer Klowns
  Xtahua (Vaults:4)
  The ghost of Hiz Mun the Phalangite, a veteran MfGl of Yredelemnul (Zig:25)
  7 curse toes
  5 caustic shrikes
  24 golden dragons
  Nikola (Swamp:2)
  3 bone dragons
  2 profane servitors (Zig:20)
  A Tzitzimitl (Zig:16)
  3 electric golems
  6 iron giants (Zig:18)
  Jorgrun (Elf:3)
  A shard shrike zombie (Crypt:2)
  5 Brimstone Fiends
  7 hellephants
  5 liches
  7 Ice Fiends
  Zenata (Vaults:1)
  Rupert (Lair:5)
  20 tentacled monstrosities
  A deep elf blademaster (Elf:3)
  Asterion (Vaults:1)
  14 titans
  4 Hell Sentinels (Zig:18)
  2 deep elf master archers (Elf:3)
  28 acid blobs
  4 searing wretches (Zig:14)
  27 Orb Guardians
  A walking frostbound tome (Depths:1)
  11 death cobs
  5 quicksilver dragons
  An Executioner (Zig:16)
  Gastronok (Lair:3)
  14 sphinxes
  13 ancient champions
  17 shadow dragons
  A tentacled starspawn (Zig:4)
  The ghost of jt the Messiah, an adept HOGl of Beogh (Swamp:3)
  Kirke (Swamp:3)
  3 thorn hunters
  14 tengu reavers
  11 storm dragons
  17 revenants
  15 rockslimes
  2 nagarajas (Snake:4)
  11 draconian monks
  15 azure jellies
  14 fire giants
  18 draconian knights
  A fenstrider witch (Swamp:4)
  Roxanne (D:14)
  7 quicksilver elementals (Zig:18)
  7 draconian scorchers
  20 vault wardens
  8 deep elf sorcerers
  8 emperor scorpions
  4 iron dragons
  Louise (Snake:4)
  3 orc warlords
  17 frost giants
  12 ghouls
  18 ghost moths
  6 balrugs
  7 curse skulls
  2 juggernaut zombies
  9 draconian stormcallers
  3 deep elf elementalists
  3 spriggan defenders
  3 spectral caustic shrikes (Depths:2)
  5 demonspawn blood saints
  Aizul (Snake:4)
  11 draconian shifters
  10 draconian annihilators
  4 demonspawn corrupters
  19 stone giants
  7 war gargoyles
  4 broodmothers (Zig:26)
  19 ironbound preservers
  19 vampire knights
  A caustic shrike skeleton (Zig:10)
  6 ironbound thunderhulks
  15 quicksilver oozes
  Nessos (Orc:2)
  17 very ugly things
  The ghost of Tungsten the Unseen, a journeyman SpEn of Dithmenos (Snake:2)
  13 dire elephants
  The ghost of Vutiel the Brawler, a journeyman DrNe of Hepliaklqana (Lair:1)
  4 cacodemons
  15 red draconians
  5 deep elf demonologists
  6 demonspawn black suns
  7 eleionomae
  7 deep elf annihilators
  The ghost of Ikikoito the Grappler, a journeyman TrFi of Okawaru (Lair:4)
  2 grey draconians (Depths:4)
  12 black draconians
  2 bennus (Tomb:2)
  7 green draconians
  A lorocyproca (Depths:4)
  8 bunyips
  5 white draconians
  19 spark wasps
  9 purple draconians
  A minotaur (Gauntlet)
  12 yellow draconians
  16 eidola
  A merfolk javelineer (Depths:2)
  6 deep elf death magi
  Snorg (Lair:4)
  9 mummy priests
  24 ettins
  An ettin (shapeshifter) (Vaults:5)
  13 green deaths
  18 jiangshi
  2 iron golems (Zig:18)
  6 deep elf high priests
  18 yaktaur captains
  Josephine (Orc:1)
  8 blizzard demons
  14 fire dragons
  16 great orbs of eyes
  2 shambling mangroves
  A rakshasa (Depths:3)
  20 entropy weavers
  16 ice dragons
  2 quicksilver dragon skeletons
  A juggernaut simulacrum (Zig:22)
  36 hydras
  39 vault guards
  A caustic shrike simulacrum (Zig:22)
  A hell beast (Zig:5)
  2 salamander tyrants (Snake:4)
  4 ghost crabs
  10 ironbound frosthearts
  Harold (Orc:1)
  4 jorogumos
  4 spriggan air magi
  5 centaur warriors
  An anaconda (shapeshifter) (Depths:3)
  A bennu zombie (Crypt:1)
  3 catoblepae
  12 anacondas
  3 ogre magi
  12 naga warriors
  A hell hog (Zig:14)
  5 boulder beetles
  14 alligators
  7 radroaches
  A titan zombie (Crypt:3)
  8 deep troll shamans
  A death knight (Crypt:2)
  14 dancing weapons
  26 death scarabs
  10 two-headed ogres
  5 tengu warriors
  15 deep troll earth magi
  An orc high priest (Orc:2)
  A storm dragon zombie (Zig:10)
  28 hell knights
  2 spriggan berserkers
  A shock serpent (shapeshifter) (Vaults:5)
  4 thrashing horrors
  6 sun demons
  22 vampire magi
  6 shock serpents
  15 deep elf knights
  11 naga sharpshooters
  4 soul eaters
  Amaemon (Lair:2)
  A titan skeleton (Zig:9)
  A wretched star (Zig:4)
  A crystal echidna (Zig:18)
  2 fire crabs (Swamp:4)
  5 shadow wraiths
  A sixfirhy (D:14)
  A golden dragon zombie (Tomb:1)
  3 skysharks
  6 salamander mystics
  2 storm dragon skeletons
  A spatial maelstrom (Zig:4)
  9 iron trolls
  6 pharaoh ants
  A sun moth (Zig:27)
  9 death drakes
  A deep troll (shapeshifter) (Zig:17)
  A ghost moth zombie (Crypt:2)
  57 deep trolls
  12 goliath frogs
  A glowing orange brain (shapeshifter) (Zig:17)
  26 skeletal warriors
  13 flayed ghosts
  8 steelbarb worms
  An anaconda zombie (Crypt:1)
  A death drake (shapeshifter) (Zig:17)
  2 quicksilver dragon simulacra (Zig:22)
  2 naga ritualists (Snake:3)
  19 lindwurms
  2 shadow demons
  5 spriggan druids
  16 swamp dragons
  12 orb spiders
  A spriggan simulacrum (Zig:22)
  12 glowing orange brains
  17 ironbound convokers
  An anaconda skeleton (Crypt:3)
  3 orange crystal statues
  A shadow dragon zombie (Crypt:3)
  8 bog bodies
  5 deep elf archers
  A bunyip skeleton (Tomb:1)
  7 wizards
  17 necromancers
  3 orc knights
  2 starcursed masses (Zig:4)
  A jorogumo zombie (Crypt:3)
  29 deep elf zephyrmancers
  15 mana vipers
  10 phantasmal warriors
  23 deep elf pyromancers
  13 wolf spiders
  2 frost giant zombies
  2 manticores
  7 orc sorcerers
  A wolf spider (shapeshifter) (Zig:17)
  22 ugly things
  An oklob plant (Lair:1)
  A manticore (shapeshifter) (Zig:17)
  4 will-o-the-wisps
  20 salamanders
  13 cyclopes
  13 shining eyes
  35 moths of wrath
  A frost giant skeleton (Zig:10)
  An iron dragon skeleton (Zig:9)
  A dire elephant zombie (Crypt:3)
  Maurice (D:9)
  2 elephants (shapeshifter)
  28 black mambas
  8 elephants
  2 ice statues (Zig:1)
  14 torpor snails
  3 rust devils
  A stone giant skeleton (Vaults:5)
  18 naga magi
  17 vault sentinels
  19 demonic crawlers
  5 smoke demons
  7 guardian serpents
  4 eyes of devastation
  3 orange demons
  18 cane toads
  A titan simulacrum (Zig:22)
  2 gargoyles
  A centaur skeleton (Crypt:1)
  11 rime drakes
  A cane toad (shapeshifter) (Zig:17)
  A shock serpent skeleton (Crypt:1)
  A storm dragon simulacrum (Zig:22)
  5 hellions
  4 kobold demonologists
  12 komodo dragons
  24 yaktaurs
  2 unseen horrors (D:11)
  2 tormentors
  A merfolk (shapeshifter) (Zig:12)
  31 guardian mummies
  5 ice devils
  6 freezing wraiths
  A tengu conjurer (Depths:2)
  3 bloated husks
  5 trolls
  2 red devils
  11 tyrant leeches
  2 ancient zymes (Lair:5)
  4 spriggan skeletons
  A harpy zombie (Crypt:3)
  9 polar bears
  3 hellwings
  A wolf spider simulacrum (Gauntlet)
  3 meliai
  8 tarantellas
  16 hornets
  2 raiju (Zig:8)
  An alligator zombie (Crypt:2)
  A dream sheep (shapeshifter) (Vaults:5)
  2 shadow dragon simulacra
  30 blink frogs
  A human simulacrum (Vaults:5)
  10 small abominations (Lair:5)
  5 large abominations
  A dream sheep (Lair:3)
  A culicivora zombie (Crypt:3)
  A centaur simulacrum (Gauntlet)
  A culicivora (shapeshifter) (Zig:17)
  4 water elementals
  124 slime creatures
  6 culicivoras
  7 ushabtiu
  32 flying skulls
  4 air elementals
  11 jumping spiders
  2 ynoxinuls
  9 basilisks
  A guardian serpent skeleton (Crypt:3)
  46 yaks
  13 spriggans
  4 vampires (Crypt:3)
  12 wyverns
  A yak (shapeshifter) (Zig:12)
  6 golden eyes
  4 hogs (Swamp:3)
  13 wraiths
  An ettin skeleton (Crypt:1)
  7 humans (D:13)
  4 chaos spawn
  3 steam dragons (Swamp:4)
  A human (shapeshifter) (D:13)
  8 vampire mosquitoes
  6 fire elementals
  A neqoxec (Zig:16)
  10 swamp worms
  A naga (shapeshifter) (Lair:5)
  39 nagas
  19 redbacks
  7 wargs
  A fire bat zombie (Crypt:1)
  A glowing shapeshifter zombie (Crypt:1)
  A harpy simulacrum (Gauntlet)
  A hydra simulacrum (Crypt:3)
  4 acid dragons
  12 water moccasins
  A floating eye (shapeshifter) (Vaults:5)
  A water nymph skeleton (Crypt:1)
  9 floating eyes
  20 swamp drakes
  A deep troll skeleton (Crypt:2)
  A merfolk skeleton (Crypt:3)
  A naga skeleton (Tomb:1)
  28 orc warriors
  11 ice beasts
  5 black bears
  A manticore zombie (Crypt:2)
  6 wolves
  10 ogres
  6 boggarts
  A blink frog zombie (Crypt:2)
  11 centaurs
  2 phantoms
  2 kobold brigands
  13 bullfrogs
  4 scorpions
  11 necrophages
  5 earth elementals
  6 wights
  9 killer bees
  A spriggan zombie (Crypt:1)
  A yak skeleton (Crypt:3)
  A howler monkey (D:8)
  7 electric eels
  2 lava snakes (Swamp:4)
  2 hounds
  2 jellies (Lair:5)
  30 orc priests
  3 iron imps (Gauntlet)
  A sleepcap (D:7)
  4 iguanas
  32 orc wizards
  A sky beast zombie (Crypt:2)
  An ice beast zombie (Crypt:2)
  A boggart simulacrum (Gauntlet)
  38 mummies
  A gnoll (Zig:7)
  5 adders
  2 shadow imps
  2 white imps
  A jelly zombie (Crypt:3)
  A worm (D:3)
  A worm zombie (Crypt:3)
  4 dart slugs
  67 orcs
  7 ball pythons
  5 bats
  5 endoplasms
  3 giant cockroaches
  A gnoll zombie (Crypt:3)
  9 goblins
  5 hobgoblins
  8 jackals
  7 kobolds
  4 quokkas
  6 frilled lizards
  A jackal zombie (Crypt:3)
  A quokka zombie (Crypt:3)
  8 rats
  3 bushes (D:3)
  5 fire vortices
  2 starspawn tentacles (Zig:4)
3173 creatures vanquished.

Vanquished Creatures (collateral kills)
  A juggernaut (Zig:19)
  A golden dragon (Zig:15)
  An Orb Guardian (Zot:5)
  2 titans
  A storm dragon (Zig:8)
  A shadow dragon (Zot:1)
  A frost giant (Zig:19)
  An emperor scorpion (Zig:26)
  A broodmother (Zig:27)
  A purple draconian (Zot:1)
  A blizzard demon (Zig:22)
  A deep elf death mage (Zig:11)
  A shambling mangrove (Zig:15)
  A shining eye (Zig:24)
  2 moths of wrath
  A rime drake (Lair:5)
  2 slime creatures (Zig:24)
  A golden eye (Zig:24)
21 creatures vanquished.

Vanquished Creatures (others)
  The ghost of Piash the Metallomancer, a master OgEE of Gozag (Zig:25)
  The ghost of Piash the Metallomancer, a master OgEE of Gozag (Zig:25)
  The ghost of Has Pue the Sorcerer, a legendary FoFi of Vehumet (Zig:25)
  The ghost of Sayfri the Cloud Mage, a legendary DrTm of Cheibriados (Zig:25)
  The ghost of Sayfri the Cloud Mage, a legendary DrTm of Cheibriados (Zig:25)
  2 curse toes (Zig:25)
  A golden dragon (Zig:23)
  2 curse skulls (Zig:25)
  3 eidola (Zig:25)
  2 deep elf death magi
  A hydra (Swamp:4)
  A phantasmal warrior (Zig:25)
  A wolf spider simulacrum (Gauntlet)
  2 bloated husks
  A blink frog (Lair:5)
  An air elemental (Elf:3)
  A fire elemental (Elf:1)
  A steam dragon (Swamp:4)
  A swamp drake (Swamp:4)
  2 jellies (Lair:5)
  490 fire vortices
  98 foxfires
  53 fungi
  218 plants
  4 withered plants (Lair:5)
890 creatures vanquished.

Grand Total: 4084 creatures vanquished

Notes
Turn   | Place    | Note
-------+----------+-------------------------------------------
     0 | D:1      | mopl the Mummy Fire Elementalist began the quest for the
                  | Orb.
     0 | D:1      | Reached XP level 1. HP: 13/13 MP: 4/4
    63 | D:1      | Reached skill level 1 in Conjurations
   127 | D:1      | Reached XP level 2. HP: 19/19 MP: 2/5
   134 | D:1      | Learned a level 2 spell: Scorch
   269 | D:1      | Reached skill level 3 in Spellcasting
   477 | D:1      | Gained mutation: You are in touch with the powers of death.
                  | [Mummy growth]
   477 | D:1      | Reached XP level 3. HP: 23/24 MP: 5/7
   644 | D:2      | Learned a level 3 spell: Kindle Blastsparks
   785 | D:2      | Found a faded altar of an unknown god.
   818 | D:2      | Reached skill level 3 in Fire Magic
  1105 | D:3      | Noticed an ice beast
  1133 | D:2      | Killed an ice beast
  1134 | D:2      | Reached skill level 2 in Conjurations
  1134 | D:2      | Reached XP level 4. HP: 27/30 MP: 0/9
  1134 | D:2      | Reached XP level 5. HP: 31/35 MP: 0/10
  1410 | D:3      | Reached skill level 1 in Translocations
  1718 | D:3      | Found a shimmering altar of Xom.
  1978 | D:3      | Learned a level 4 spell: Flame Wave
  2110 | D:4      | Reached skill level 4 in Spellcasting
  2281 | D:4      | Found a sacrificial altar of Ru.
  2454 | D:5      | Entered Level 5 of the Dungeon
  2460 | D:5      | Reached skill level 3 in Conjurations
  2460 | D:5      | Reached XP level 6. HP: 41/41 MP: 7/12
  2524 | D:5      | Reached skill level 4 in Fire Magic
  2721 | D:5      | Reached skill level 2 in Translocations
  2721 | D:5      | Reached XP level 7. HP: 23/46 MP: 6/13
  3081 | D:5      | Identified a scroll of acquirement
  3082 | D:5      | Acquired an Everburning Encyclopedia
  3089 | D:5      | Learned a level 4 spell: Sticky Flame
  3281 | D:6      | Found Myserpho's Armour Shoppe.
  3408 | D:6      | Reached skill level 4 in Conjurations
  3538 | D:6      | Reached skill level 5 in Spellcasting
  3538 | D:6      | Reached skill level 5 in Fire Magic
  3555 | D:6      | Found a shimmering blue altar of Sif Muna.
  3573 | D:6      | Found a burning altar of Makhleb.
  3696 | D:6      | Found a shadowy altar of Dithmenos.
  3715 | D:6      | Found a staircase to the Ecumenical Temple.
  3727 | Temple   | Entered the Ecumenical Temple
  3812 | D:6      | Reached XP level 8. HP: 52/52 MP: 10/15
  4020 | D:6      | Found a basalt altar of Yredelemnul.
  4533 | D:7      | Found a bloodstained altar of Trog.
  4585 | D:7      | Found Qaagefoi's Jewellery Shoppe.
  4663 | D:7      | Reached skill level 5 in Conjurations
  4663 | D:7      | Reached skill level 3 in Translocations
  4763 | D:7      | Found an iron altar of Okawaru.
  4766 | D:7      | Found a hide-covered altar of Uskayaw.
  4932 | D:7      | Reached skill level 6 in Spellcasting
  5076 | D:7      | Found a stormy altar of Qazlal.
  5350 | D:8      | Reached skill level 6 in Fire Magic
  5370 | D:8      | Identified the +2 pair of gloves of Integrity {Str+4}
  5395 | D:8      | Found Xaig's Gadget Gallery.
  5461 | D:8      | Found a broken altar of Ashenzari.
  5724 | D:8      | Reached XP level 9. HP: 54/57 MP: 2/18
  5828 | D:8      | Reached skill level 6 in Conjurations
  5910 | D:8      | Found a staircase to the Lair.
  6066 | D:8      | Reached skill level 7 in Spellcasting
  6066 | D:8      | Reached skill level 7 in Fire Magic
  6209 | D:8      | Reached skill level 7 in Conjurations
  6767 | D:9      | Reached XP level 10. HP: 63/63 MP: 15/21
  6888 | D:9      | Found a staircase to the Orcish Mines.
  6898 | D:9      | Reached skill level 8 in Spellcasting
  6898 | D:9      | Reached skill level 8 in Fire Magic
  7103 | D:9      | Found Uneipn's Weapon Shop.
  7174 | D:9      | Noticed Maurice
  7184 | D:9      | Killed Maurice
  7283 | D:9      | Found Xeni's Island Escapes.
  7773 | D:10     | Entered Level 10 of the Dungeon
  7954 | D:10     | Reached skill level 8 in Conjurations
  8077 | D:10     | Found a hazy altar of Hepliaklqana.
  8077 | D:10     | Found a radiant altar of Vehumet.
  8081 | D:10     | Became a worshipper of Vehumet
  8480 | D:10     | Noticed a sun demon
  8491 | D:11     | Noticed a boulder beetle
  8645 | D:11     | Reached skill level 9 in Spellcasting
  8645 | D:11     | Reached skill level 9 in Fire Magic
  8672 | D:11     | Found a flickering gateway to a bazaar.
  8679 | Bazaar   | Entered a bazaar
  8681 | Bazaar   | Found Esetowall's Book Boutique.
  8685 | Bazaar   | Found Reigiuvi's General Store.
  8685 | Bazaar   | Found Xomoalel's Antique Weapon Boutique.
  8686 | Bazaar   | Found Inechif's Distillery.
  8717 | Bazaar   | Bought a book of Fire for 270 gold pieces
  8717 | Bazaar   | Bought the Unrestrained Analects for 396 gold pieces
  8732 | Bazaar   | Learned a level 4 spell: Olgreb's Toxic Radiance
  8874 | D:11     | Noticed a two-headed ogre
  8880 | D:11     | Killed a two-headed ogre
  8881 | D:11     | Reached XP level 11. HP: 68/68 MP: 15/24
  8915 | D:11     | Found a portal to a secret trove of treasure.
  8916 | D:11     | Noticed a vault guard
  8934 | D:11     | Reached skill level 9 in Conjurations
  8934 | D:11     | Reached skill level 1 in Poison Magic
  9001 | D:11     | Reached * piety under Vehumet
  9001 | D:11     | Offered knowledge of Magic Dart by Vehumet.
  9205 | D:11     | Killed a boulder beetle
  9416 | D:10     | Found Yshadoem's Distillery.
  9822 | D:11     | Reached skill level 2 in Poison Magic
 10187 | D:11     | Killed a vault guard
 10315 | Lair:1   | Entered Level 1 of the Lair of Beasts
 10315 | Lair:1   | Found a gate leading to a gauntlet.
 10330 | Gauntlet | Entered a Gauntlet
 10330 | Gauntlet | Found a transporter.
 10330 | Gauntlet | Found a transporter.
 10346 | Gauntlet | Learned a level 5 spell: Fireball
 10350 | Gauntlet | Learned a level 3 spell: Ignite Poison
 10352 | Gauntlet | Found a transporter.
 10365 | Gauntlet | Noticed a wizard
 10369 | Gauntlet | Found a transporter.
 10369 | Gauntlet | Found a transporter.
 10371 | Gauntlet | Found a transporter.
 10374 | Gauntlet | Found a transporter.
 10374 | Gauntlet | Found a transporter.
 10376 | Gauntlet | Noticed a reaper
 10388 | Gauntlet | Found a transporter.
 10403 | Gauntlet | Found a transporter.
 10407 | Gauntlet | Found a runed translucent door.
 10412 | Gauntlet | Noticed a balrug
 10414 | Gauntlet | Found a transporter.
 10428 | Gauntlet | Found a transporter.
 10448 | Gauntlet | Found a transporter.
 10450 | Gauntlet | Found a runed translucent gate.
 10450 | Gauntlet | Found a runed translucent gate.
 10450 | Gauntlet | Found a runed translucent gate.
 10461 | Gauntlet | Found a transporter.
 10511 | Gauntlet | Identified the staff of death "Rarech" {rC+ rN+}
 10531 | Gauntlet | Killed a wizard
 10543 | Gauntlet | Identified the +1 cloak of Ucwufip {rElec Str+2}
 10566 | Gauntlet | Reached skill level 10 in Fire Magic
 10650 | Gauntlet | Identified the amulet of the Tempest {rPois Regen+ Dex+2}
 10683 | Gauntlet | Identified the amulet "Quweg" {Spirit rC+ rN+}
 10683 | Gauntlet | Noticed a minotaur
 10695 | Gauntlet | Killed a minotaur
 10696 | Gauntlet | Reached skill level 10 in Spellcasting
 10824 | Lair:1   | Reached ** piety under Vehumet
 10836 | Lair:1   | Offered knowledge of Kiss of Death by Vehumet.
 11054 | Lair:1   | Noticed an oklob plant
 11060 | Lair:1   | Killed an oklob plant
 11061 | Lair:1   | Reached skill level 10 in Conjurations
 11061 | Lair:1   | Reached skill level 3 in Poison Magic
 11135 | Lair:1   | Found a transporter.
 11153 | Lair:1   | Found a transporter.
 11155 | Lair:1   | Noticed Vutiel's ghost (journeyman DrNe)
 11228 | Lair:1   | Identified the +6 war axe of the Baking Messenger {flame,
                  | Int+2}
 11234 | Lair:1   | Reached skill level 1 in Staves
 11234 | Lair:1   | Reached skill level 1 in Evocations
 11481 | Lair:2   | Noticed a six-headed hydra
 11484 | Lair:2   | Killed a six-headed hydra
 11493 | Lair:2   | Reached XP level 12. HP: 74/74 MP: 1/26
 11620 | Lair:2   | Noticed Amaemon
 11814 | Lair:2   | Found a staircase to the Snake Pit.
 11852 | Lair:2   | Noticed a catoblepas
 12014 | Lair:2   | Killed a catoblepas
 12070 | Lair:2   | Reached skill level 2 in Staves
 12222 | Lair:2   | Offered knowledge of Momentum Strike by Vehumet.
 12222 | Lair:2   | Killed Amaemon
 12223 | Lair:2   | Reached skill level 2 in Evocations
 12423 | Lair:2   | Acquired 727 gold pieces
 12432 | Lair:2   | Acquired 952 gold pieces
 12527 | Lair:2   | Reached *** piety under Vehumet
 12705 | D:6      | Bought a +0 pair of boots of flying for 138 gold pieces
 12770 | D:9      | Bought a scroll of blinking for 97 gold pieces
 12770 | D:9      | Bought a scroll of blinking for 97 gold pieces
 12770 | D:9      | Bought a scroll of teleportation for 39 gold pieces
 12830 | D:7      | Bought the ring "Odepsat" {Will+ SInv} for 434 gold pieces
 13001 | Lair:3   | Reached skill level 4 in Poison Magic
 13013 | Lair:3   | Offered knowledge of Mephitic Cloud by Vehumet.
 13163 | Lair:3   | Noticed Gastronok
 13193 | Lair:3   | Reached skill level 11 in Fire Magic
 13339 | Lair:3   | Reached skill level 3 in Staves
 13339 | Lair:3   | Reached skill level 11 in Spellcasting
 13485 | Lair:3   | Reached skill level 3 in Evocations
 13487 | Lair:3   | Reached **** piety under Vehumet
 13512 | Lair:3   | Offered knowledge of Iskenderun's Mystic Blast by Vehumet.
 13513 | Lair:3   | Reached skill level 11 in Conjurations
 13616 | Lair:3   | Learned a level 4 spell: Iskenderun's Mystic Blast
 13627 | Lair:3   | Reached skill level 1 in Fighting
 13634 | Lair:3   | Found the +3 warlock's mirror {omnireflect}
 13649 | Lair:3   | Gained mutation: You are strongly in touch with the powers
                  | of death. [Mummy growth]
 13649 | Lair:3   | Reached XP level 13. HP: 68/81 MP: 9/28
 14007 | Lair:3   | Killed Gastronok
 14193 | Lair:3   | Reached skill level 2 in Fighting
 14371 | Lair:3   | Found a staircase to the Swamp.
 14414 | Lair:3   | Reached skill level 1 in Shields
 14943 | Lair:4   | Reached ***** piety under Vehumet
 14949 | Lair:4   | Offered knowledge of Eringya's Noxious Bog by Vehumet.
 14987 | Lair:4   | Noticed Snorg
 14992 | Lair:4   | Killed Snorg
 15129 | Lair:4   | Found a runed translucent door.
 15307 | Lair:4   | Reached skill level 4 in Staves
 15308 | Lair:4   | Reached skill level 5 in Poison Magic
 15825 | Lair:4   | Noticed Ikikoito's ghost (journeyman TrFi)
 15831 | Lair:4   | Identified the +1 spear of Jom Nos {elec, Drain Will+ SInv}
 15855 | Lair:5   | Entered Level 5 of the Lair of Beasts
 15922 | Lair:5   | Reached skill level 2 in Shields
 15931 | Lair:5   | Reached skill level 3 in Fighting
 15939 | Lair:5   | Reached skill level 4 in Evocations
 16698 | Lair:5   | Identified the +9 broad axe of the Thing {freeze, rC+ rN+
                  | Int-3 Dex+2}
 16701 | Lair:5   | Reached XP level 14. HP: 89/93 MP: 18/29
 16785 | Lair:5   | Reached skill level 12 in Fire Magic
 17011 | Lair:5   | Found a one-way gate to the infinite horrors of the Abyss.
 17025 | Lair:5   | Identified the +11 scimitar of Neurosis {pain, rElec Will+
                  | rCorr Dex-5}
 17106 | Lair:5   | Found a corrupted altar of Lugonu.
 17142 | Lair:5   | Reached skill level 12 in Spellcasting
 17343 | Lair:5   | Noticed Rupert
 17374 | Lair:5   | Killed Rupert
 17441 | Lair:5   | Found a viscous altar of Jiyva.
 17443 | Lair:5   | Found a staircase to the Slime Pits.
 17456 | Lair:5   | Reached skill level 4 in Fighting
 17546 | Lair:5   | Reached skill level 12 in Conjurations
 17591 | Lair:5   | Reached skill level 3 in Shields
 17606 | Lair:5   | Found a runed translucent gate.
 17606 | Lair:5   | Noticed 2tousent's ghost (journeyman TrGl)
 17639 | Lair:5   | Noticed stickyfingers's ghost (journeyman MeMo)
 17640 | Lair:5   | Found a runed translucent gate.
 17641 | Lair:5   | Found a runed translucent gate.
 17646 | Lair:5   | Noticed Debrubru's ghost (journeyman DEFE)
 18003 | Orc:1    | Entered Level 1 of the Orcish Mines
 18273 | Orc:2    | Entered Level 2 of the Orcish Mines
 18273 | Orc:2    | Found a staircase to the Elven Halls.
 18472 | Orc:2    | Offered knowledge of Freezing Cloud by Vehumet.
 18540 | Orc:2    | Noticed Nessos
 18545 | Orc:2    | Reached skill level 5 in Staves
 18545 | Orc:2    | Killed Nessos
 18546 | Orc:2    | Reached skill level 1 in Transmutations
 18681 | Orc:1    | Noticed Harold
 18685 | Orc:1    | Killed Harold
 19001 | Orc:2    | Found Neepnaf's Magic Scroll Boutique.
 19001 | Orc:2    | Found Gifukur's Distillery.
 19002 | Orc:2    | Found Piejof's General Store.
 19006 | Orc:2    | Found Ninluss's Jewellery Shop.
 19009 | Orc:2    | Bought a scroll of magic mapping for 97 gold pieces
 19009 | Orc:2    | Bought a scroll of teleportation for 39 gold pieces
 19009 | Orc:2    | Bought a scroll of silence for 123 gold pieces
 19011 | Orc:2    | Bought a scroll of fog for 44 gold pieces
 19011 | Orc:2    | Bought a wand of roots (3) for 79 gold pieces
 19403 | Orc:1    | Noticed Josephine
 19406 | Orc:1    | Offered knowledge of Iron Shot by Vehumet.
 19407 | Orc:1    | Killed Josephine
 19408 | Orc:1    | Reached skill level 5 in Evocations
 19503 | Orc:2    | Reached ****** piety under Vehumet
 19630 | D:8      | Bought a lightning rod (4/4) for 420 gold pieces
 19732 | D:12     | Identified the +0 ring mail of the Inquisitive Ships {rPois
                  | Dex+3}
 19805 | D:12     | Reached skill level 6 in Poison Magic
 20219 | D:12     | Found a runed translucent door.
 20225 | D:12     | Identified the +9 shortbow of the Fray {heavy, Contam Str+3
                  | Int+3}
 20232 | D:12     | Found a runed translucent door.
 20324 | D:12     | Found a runed translucent door.
 20345 | D:12     | Found a runed translucent door.
 21017 | D:12     | Learned a level 5 spell: Plasma Beam
 21525 | D:13     | Reached skill level 2 in Transmutations
 21743 | D:13     | Reached skill level 5 in Fighting
 21743 | D:13     | Reached XP level 15. HP: 103/103 MP: 28/31
 22011 | D:13     | Identified the +8 rapier of Beyond {heavy, *Corrode rN+
                  | Str+3}
 22312 | D:13     | Reached skill level 4 in Shields
 22320 | D:13     | Identified the +8 broad axe "Qasinep" {flame, Will+ Str-3
                  | Int+3 SInv}
 22327 | D:13     | Found a gate to the Vaults.
 22655 | D:14     | Offered knowledge of Spellforged Servitor by Vehumet.
 23058 | D:14     | Found an ornate altar of the Wu Jian Council.
 23136 | D:14     | Found Idakh's Book Shop.
 23293 | D:14     | Identified Roxanne's Tome of Reformation
 23293 | D:14     | Noticed Roxanne
 23430 | D:15     | Entered Level 15 of the Dungeon
 24206 | D:15     | Reached skill level 3 in Transmutations
 24272 | D:15     | Reached skill level 13 in Spellcasting
 24276 | D:15     | Reached skill level 13 in Fire Magic
 24423 | D:15     | Found a staircase to the Depths.
 24962 | Elf:1    | Entered Level 1 of the Elven Halls
 25069 | Elf:1    | Reached skill level 6 in Staves
 25251 | Elf:1    | Reached skill level 6 in Fighting
 25290 | Elf:1    | Paralysed by an air elemental for 1 turns
 25293 | Elf:1    | Paralysed by an air elemental for 1 turns
 25612 | Elf:1    | Reached skill level 13 in Conjurations
 25612 | Elf:1    | Offered knowledge of Lee's Rapid Deconstruction by Vehumet.
 25663 | Elf:1    | Noticed a deep elf sorcerer
 25665 | Elf:1    | Paralysed by an air elemental for 1 turns
 25673 | Elf:1    | Killed a deep elf sorcerer
 25675 | Elf:1    | Reached XP level 16. HP: 101/112 MP: 15/33
 25696 | Elf:1    | Reached skill level 6 in Evocations
 25931 | Elf:1    | Got the Volume of Trauma
 25938 | Elf:1    | Learned a level 5 spell: Irradiate
 25965 | Elf:1    | Reached skill level 5 in Shields
 25965 | Elf:1    | Reached skill level 7 in Poison Magic
 26173 | Elf:1    | You fall into a shaft and drop 1 floor!
 26180 | Elf:2    | Paralysed by an air elemental for 1 turns
 26195 | Elf:3    | Entered Level 3 of the Elven Halls
 26201 | Elf:3    | Reached skill level 4 in Transmutations
 26807 | Elf:3    | Paralysed by an air elemental for 1 turns
 26864 | Elf:2    | Noticed Jorgrun
 26873 | Elf:3    | Killed Jorgrun
 26873 | Elf:3    | Offered knowledge of Conjure Ball Lightning by Vehumet.
 27275 | Elf:2    | Reached skill level 4 in Translocations
 27486 | Elf:2    | Found a runed translucent gate.
 27488 | Elf:2    | Found a runed translucent gate.
 27489 | Elf:2    | Found a runed translucent gate.
 28144 | Elf:3    | Reached skill level 7 in Fighting
 28341 | Elf:3    | Found Fipomax's Book Shop.
 28573 | Elf:3    | Reached skill level 2 in Dodging
 28698 | Elf:3    | Noticed a deep elf blademaster
 28838 | Elf:3    | Killed a deep elf blademaster
 28898 | Elf:3    | Identified the +9 mace of Fiphogi {heavy, rElec Will++
                  | Str-2 Stlth+}
 28898 | Elf:3    | Identified the ring of the Ornamental Lime {rC+++ Will++
                  | Str+6 Int+3 Stlth-}
 28906 | Elf:3    | Noticed a deep elf master archer
 28910 | Elf:3    | Killed a deep elf master archer
 29262 | Elf:3    | Identified the +1 morningstar "Rauw" {pain, Fragile rC+
                  | Int+3}
 29265 | Elf:3    | Reached XP level 17. HP: 110/120 MP: 23/34
 29355 | Elf:3    | Identified the ring "Ehirph" {Wiz rF+}
 29355 | Elf:3    | Noticed a deep elf master archer
 29360 | Elf:3    | Killed a deep elf master archer
 29500 | Elf:3    | Offered knowledge of Orb of Destruction by Vehumet.
 29516 | Elf:3    | Identified the +6 short sword "Laokh" {flame, *Rage rPois
                  | Str+3}
 29713 | Elf:3    | Identified the +5 war axe "Xeyrom" {distort, rElec Will+
                  | SInv}
 29719 | Elf:3    | Reached skill level 7 in Staves
 29823 | Elf:3    | Identified the ring of Umiudeul {Wiz Contam Dex+3}
 30022 | Elf:3    | Identified the staff of death "Ywkiups" {rPois rN+ Int+3}
 30033 | Elf:3    | Identified the +4 rapier "Gooz" {drain, rElec}
 30378 | Snake:1  | Entered Level 1 of the Snake Pit
 30532 | Snake:1  | Reached skill level 14 in Spellcasting
 30866 | Snake:1  | Reached skill level 14 in Fire Magic
 30866 | Snake:1  | Reached skill level 7 in Evocations
 31252 | Snake:1  | Reached skill level 5 in Transmutations
 31461 | Snake:2  | Reached skill level 3 in Dodging
 31487 | Snake:2  | Learned a level 5 spell: Yara's Violent Unravelling
 31593 | Snake:2  | Found a runed translucent door.
 31593 | Snake:2  | Found a shimmering altar of Xom.
 31594 | Snake:2  | Noticed Tungsten's ghost (journeyman SpEn)
 31594 | Snake:2  | Found the +15 Maxwell's patent armour {-Cast -Tele rElec
                  | Will+ rCorr}
 32216 | Snake:3  | Found Omafic's Book Shoppe.
 32217 | Snake:3  | Found Giciste's Jewellery Shop.
 32217 | Snake:3  | Found Emaucwet's Jewellery Shop.
 32393 | Snake:3  | Reached skill level 14 in Conjurations
 32428 | Snake:3  | Reached skill level 5 in Translocations
 32683 | Snake:3  | Reached skill level 1 in Hexes
 32697 | Snake:3  | Identified the +0 ring mail "Nyvveneq" {Int+3}
 32929 | Snake:4  | Entered Level 4 of the Snake Pit
 32971 | Snake:4  | Noticed Louise
 32991 | Snake:4  | Killed Louise
 33139 | Snake:4  | Reached skill level 8 in Poison Magic
 33324 | Snake:4  | HP: 6/122 [salamander tyrant/flame surge (20)]
 33433 | Snake:4  | Reached skill level 8 in Fighting
 33670 | Snake:4  | Offered knowledge of Fire Storm by Vehumet.
 33670 | Snake:4  | Offered knowledge of Shatter by Vehumet.
 33670 | Snake:4  | Offered knowledge of Polar Vortex by Vehumet.
 33899 | Snake:4  | Reached skill level 2 in Hexes
 33899 | Snake:4  | Reached XP level 18. HP: 129/129 MP: 25/36
 34052 | Snake:4  | Identified the +6 plate armour of Wrong Decisions {Fly
                  | Str-5 Dex+3 SInv}
 34397 | Snake:4  | Noticed Aizul
 34411 | Snake:4  | Killed Aizul
 34631 | Snake:4  | Reached skill level 4 in Dodging
 34865 | Snake:4  | Got a serpentine rune of Zot
 35120 | Swamp:1  | Entered Level 1 of the Swamp
 35280 | Swamp:1  | Learned a level 1 spell: Apportation
 35650 | Swamp:2  | Noticed Nikola
 35657 | Swamp:2  | Killed Nikola
 35658 | Swamp:2  | Reached skill level 3 in Hexes
 35978 | Orc:2    | Bought a scroll of enchant armour for 97 gold pieces
 36106 | Lair:1   | Acquired the ring "Nutinar" {rPois rF+ Will+ Int+3 Slay+2}
 36659 | D:11     | You paid a toll of +4 fire dragon scales to enter a
                  | treasure trove
 36660 | Trove    | Entered a treasure trove
 36685 | Trove    | Identified the +0 lajatang of Calad {flame, +Blink}
 36709 | Trove    | Identified the ring "Lyebeab" {Will- Str+3 Int+6 Slay+3}
 36710 | Trove    | Identified the amulet of Fuschian {Reflect Str+2 SH+5}
 37399 | Swamp:3  | Reached skill level 6 in Transmutations
 37585 | Swamp:3  | Found a transporter.
 37768 | Swamp:3  | Noticed jt's ghost (adept HOGl)
 37770 | Swamp:3  | Noticed Kirke
 37772 | Swamp:3  | Reached skill level 8 in Staves
 37775 | Swamp:3  | Killed Kirke
 37825 | Swamp:3  | Found a transporter.
 37910 | Swamp:4  | Entered Level 4 of the Swamp
 38180 | Swamp:4  | Reached skill level 15 in Fire Magic
 38326 | Swamp:4  | Reached skill level 8 in Evocations
 38344 | Swamp:4  | Reached XP level 19. HP: 136/136 MP: 27/37
 38488 | Swamp:3  | Reached skill level 15 in Spellcasting
 38894 | Swamp:4  | Got a decaying rune of Zot
 39325 | Vaults:1 | Entered Level 1 of the Vaults
 39325 | Vaults:1 | Noticed Asterion
 39384 | Vaults:1 | Killed Asterion
 39438 | Vaults:1 | Noticed Zenata
 39452 | Vaults:1 | Killed Zenata
 39547 | Vaults:1 | Identified the +0 ring mail "Yneqyona" {Fly Int+5}
 39616 | Vaults:1 | Identified the +0 broad axe of Irritation {venom, Will+
                  | Int-2 SInv}
 39655 | Vaults:1 | Reached skill level 9 in Fighting
 39716 | Vaults:1 | Identified the +1 scale mail of the Verdant God {Int+4
                  | Dex+5}
 39783 | Vaults:1 | Reached skill level 5 in Dodging
 39783 | Vaults:1 | Reached skill level 4 in Hexes
 40009 | Vaults:1 | Reached skill level 15 in Conjurations
 40200 | Vaults:1 | Identified the +2 plate armour of the Untouchables {rF+
                  | Int+2}
 40443 | Vaults:1 | Acquired 1123 gold pieces
 40757 | Vaults:2 | Reached skill level 6 in Shields
 40760 | Vaults:2 | Reached skill level 9 in Poison Magic
 41250 | Vaults:2 | Noticed Margery
 41367 | Vaults:2 | Killed Margery
 41868 | Vaults:2 | Noticed Mara
 41869 | Vaults:2 | Noticed mopl's illusion
 41960 | Vaults:2 | Killed Mara
 41961 | Vaults:2 | Reached XP level 20. HP: 114/145 MP: 39/39
 42283 | Vaults:3 | Found Ecaphu's Book Emporium.
 42342 | Vaults:3 | Reached skill level 7 in Transmutations
 42823 | Vaults:3 | Reached skill level 6 in Dodging
 43431 | Vaults:3 | Found a staircase to the Crypt.
 43749 | Vaults:4 | Reached skill level 10 in Fighting
 43749 | Vaults:4 | Reached skill level 9 in Staves
 44018 | Vaults:4 | Noticed Xtahua
 44025 | Vaults:4 | Killed Xtahua
 44199 | Vaults:4 | Reached skill level 9 in Evocations
 44355 | Vaults:4 | Reached skill level 16 in Fire Magic
 44557 | Vaults:4 | Found Fiusac's Armour Shop.
 44801 | Vaults:4 | Learned a level 8 spell: Ignition
 44974 | Depths:1 | Entered Level 1 of the Depths
 44977 | Depths:1 | Reached skill level 16 in Spellcasting
 44986 | Depths:1 | Reached skill level 7 in Shields
 45459 | Depths:1 | Reached XP level 21. HP: 127/153 MP: 22/41
 45556 | Depths:1 | Found a hide-covered altar of Uskayaw.
 45643 | Depths:1 | Found a gateway to Hell.
 45728 | Depths:1 | Found Puemig's Book Shop.
 45728 | Depths:1 | Found Louxto Xier's Weapon Boutique.
 45802 | Depths:1 | Found Zomar's Tremendous Tomes.
 46040 | Depths:2 | Found a one-way gateway to a ziggurat.
 46108 | Depths:2 | Reached skill level 16 in Conjurations
 46308 | Depths:2 | Paralysed by a floating eye for 3 turns
 46438 | Depths:2 | Found an opulent altar of Gozag.
 46541 | Depths:2 | Identified the staff of cold "Dekkoat" {rC+ Dex+5}
 46714 | Depths:2 | Noticed a golden dragon
 46718 | Depths:2 | Killed a golden dragon
 46790 | Depths:2 | Noticed a golden dragon
 46799 | Depths:2 | Killed a golden dragon
 46854 | Depths:2 | Reached skill level 7 in Dodging
 46871 | Depths:2 | Reached skill level 8 in Transmutations
 46871 | Depths:2 | Reached skill level 10 in Poison Magic
 47076 | Depths:2 | Found a stormy altar of Qazlal.
 47302 | Depths:2 | Found a one-way gate leading to the halls of Pandemonium.
 47840 | Depths:2 | Identified the staff of poison "Sosod" {rElec rPois rC++
                  | rN+ Dex+2}
 47918 | Depths:2 | Identified the +0 bardiche "Hellblazer" {speed, Str+7}
 48026 | Depths:3 | Found a transporter.
 48363 | Depths:3 | You are sucked into a shaft and drop 1 floor!
 48363 | Depths:4 | Entered Level 4 of the Depths
 48363 | Depths:4 | Noticed a golden dragon
 48374 | Depths:4 | Killed a golden dragon
 48375 | Depths:4 | Reached skill level 11 in Fighting
 48393 | Depths:4 | Reached XP level 22. HP: 81/163 MP: 15/42
 48467 | Depths:4 | Found a gate to the Realm of Zot.
 48572 | Depths:4 | Reached skill level 8 in Shields
 48678 | Depths:4 | Reached skill level 10 in Staves
 48921 | Depths:3 | Reached skill level 10 in Evocations
 49163 | Depths:3 | Found a transporter.
 49408 | Depths:3 | Noticed a juggernaut
 49409 | Depths:3 | Noticed a golden dragon
 49426 | Depths:3 | Reached skill level 17 in Fire Magic
 49537 | Depths:3 | Reached skill level 17 in Spellcasting
 49547 | Depths:3 | Killed a juggernaut
 49616 | Depths:3 | Killed a golden dragon
 49677 | Depths:3 | Reached skill level 8 in Dodging
 49744 | Depths:3 | Identified the +2 troll leather armour "Engesk" {Harm
                  | +Blink rElec Regen+ MP+9 Stlth+}
 49763 | Depths:3 | Identified the ring "Hamavum" {rN+ rCorr Str+6 SInv}
 49786 | Depths:3 | Identified the ring of Peace {EV+5 Str+3 Stlth+}
 49960 | Depths:4 | Noticed a juggernaut
 49964 | Depths:4 | Killed a juggernaut
 49965 | Depths:4 | Reached skill level 17 in Conjurations
 50567 | Slime:1  | Entered Level 1 of the Pits of Slime
 51001 | Slime:5  | Entered Level 5 of the Pits of Slime
 51016 | Slime:5  | Reached XP level 23. HP: 161/171 MP: 43/44
 51111 | Slime:5  | Noticed the Royal Jelly
 51249 | Slime:4  | Reached skill level 12 in Fighting
 51267 | Slime:4  | Reached skill level 9 in Shields
 51369 | Slime:5  | Found a viscous altar of Jiyva.
 51370 | Slime:5  | Found the +8 longbow "Zephyr" {speed, Dex+3 SInv}
 51373 | Slime:5  | Found the +3 pair of seven-league boots {Rampage+∞}
 51994 | Slime:5  | Killed the Royal Jelly
 52182 | Slime:5  | Identified the ring of Pantheism {rPois Str+4}
 52185 | Slime:5  | Identified the +6 quarterstaff "Demon's Nightmare" {flame,
                  | Fragile rElec rF+}
 52186 | Slime:5  | Identified the +3 glaive of Beogh, Gazing {heavy, Drain
                  | Will+ Stlth+}
 52188 | Slime:5  | Got the Incunabulum of Glamour and Oromancy
 52212 | Slime:5  | Got a slimy rune of Zot
 52232 | Slime:5  | Identified the ring "Enuirr" {rElec rF+ rN+ Will+ Int-4}
 52239 | Slime:5  | Identified the +0 ring mail of Lilacs {Drain rElec Dex+3}
 52453 | Lair:1   | Learned a level 7 spell: Orb of Destruction
 52661 | D:14     | Killed Roxanne
 52815 | Lair:1   | Killed Vutiel's ghost
 52826 | Lair:1   | Identified the +1 scale mail "Mapnecvi" {Harm rC- MP-9
                  | Dex+8}
 52963 | Lair:4   | Killed Ikikoito's ghost
 53141 | Swamp:3  | Killed jt's ghost
 53146 | Swamp:3  | Identified the +2 helmet of Fumoeloum {Int+3 Slay+3}
 53376 | Snake:2  | Killed Tungsten's ghost
 53644 | Crypt:1  | Entered Level 1 of the Crypt
 53899 | Crypt:1  | Reached skill level 11 in Staves
 54168 | Crypt:1  | Reached skill level 9 in Dodging
 54175 | Crypt:1  | Reached skill level 18 in Fire Magic
 54177 | Crypt:1  | Reached skill level 18 in Spellcasting
 55073 | Crypt:2  | Reached skill level 18 in Conjurations
 55532 | Crypt:3  | Entered Level 3 of the Crypt
 55723 | Crypt:3  | Reached XP level 24. HP: 175/178 MP: 41/45
 55872 | Crypt:3  | Noticed an ancient lich
 55877 | Crypt:3  | Killed an ancient lich
 55883 | Crypt:3  | Found a basalt altar of Yredelemnul.
 55887 | Crypt:3  | Found an ancient bone altar of Kikubaaqudgha.
 56009 | Crypt:3  | Identified the staff of poison "Runtipes" {rPois rC+ Int+3
                  | SInv Stlth+}
 56015 | Crypt:3  | Got the Treatise on Bones
 56175 | Crypt:3  | Reached skill level 10 in Shields
 56410 | Crypt:3  | Found a staircase to the Tomb.
 56513 | Crypt:3  | Learned a level 9 spell: Fire Storm
 56623 | Vaults:5 | Entered Level 5 of the Vaults
 56799 | Vaults:5 | Identified the ring "Pytena" {Will+ Int+3}
 56899 | Vaults:5 | Noticed an ancient lich
 56905 | Vaults:5 | Killed an ancient lich
 56906 | Vaults:5 | Reached skill level 10 in Dodging
 56948 | Vaults:5 | Noticed an ancient lich
 56954 | Vaults:5 | Killed an ancient lich
 57055 | Vaults:5 | Reached skill level 19 in Fire Magic
 57239 | Vaults:5 | Reached skill level 19 in Spellcasting
 57245 | Vaults:5 | Reached skill level 12 in Staves
 57462 | Vaults:5 | Identified the +6 spear "Beofuv" {vamp, +Blink rCorr Int-4
                  | Dex+7}
 57492 | Vaults:5 | Reached skill level 19 in Conjurations
 57497 | Vaults:5 | Identified the +4 great sword "Ucveqa" {vamp, Int+3 Dex+5}
 57501 | Vaults:5 | Reached XP level 25. HP: 166/184 MP: 24/46
 57509 | Vaults:5 | Noticed an ancient lich
 57588 | Vaults:5 | Killed an ancient lich
 57970 | Vaults:5 | Identified the +3 ring mail of Perfidy {Fly rN+ Str-2}
 58129 | Vaults:5 | Identified the staff of air "Kor Zaon" {rElec Str+9}
 58153 | Vaults:5 | Identified the +0 scale mail "Akhlethra" {Harm}
 58270 | Vaults:5 | Found the macabre finger necklace {Finger+ rN+}
 58305 | Vaults:5 | Got a silver rune of Zot
 58307 | Vaults:5 | Identified the staff of fire "Ottu" {rElec rF+ rC+ Int+2
                  | Dex+3}
 58316 | Vaults:5 | Identified the staff of conjuration "Jerph" {Fly Int+2}
 59080 | Tomb:1   | Entered Level 1 of the Tomb of the Ancients
 59187 | Tomb:1   | Noticed Boris
 59197 | Tomb:1   | Killed Boris
 59533 | Tomb:1   | Noticed a royal mummy
 59591 | Tomb:1   | Killed a royal mummy
 59751 | Tomb:1   | Reached skill level 11 in Shields
 59937 | Tomb:2   | Noticed a royal mummy
 59937 | Tomb:2   | Noticed a royal mummy
 59937 | Tomb:2   | Noticed a royal mummy
 59938 | Tomb:2   | Noticed a royal mummy
 59940 | Tomb:2   | Noticed a royal mummy
 59942 | Tomb:2   | Killed a royal mummy
 59992 | Tomb:2   | Killed a royal mummy
 60008 | Tomb:2   | Killed a royal mummy
 60023 | Tomb:1   | Noticed a royal mummy
 60023 | Tomb:1   | Noticed a royal mummy
 60023 | Tomb:1   | Noticed a royal mummy
 60024 | Tomb:1   | Noticed a royal mummy
 60024 | Tomb:1   | Noticed a royal mummy
 60552 | Zig:1    | Entered Level 1 of a ziggurat
 60709 | Zig:1    | Identified the +1 leather armour "Doibliosch" {rF+ Will++}
 60716 | Zig:2    | Entered Level 2 of a ziggurat
 60808 | Zig:3    | Entered Level 3 of a ziggurat
 60831 | Zig:3    | Identified the staff of poison "Loigit" {rPois rF+ Int+2}
 60841 | Zig:4    | Entered Level 4 of a ziggurat
 60884 | Zig:5    | Entered Level 5 of a ziggurat
 60892 | Zig:5    | Noticed Miemy the pandemonium lord
 60897 | Zig:5    | Killed Miemy the pandemonium lord
 60898 | Zig:5    | Reached skill level 11 in Dodging
 60908 | Zig:5    | Found the +8 mithril axe "Arga" {speed, Will+}
 60980 | Zig:5    | Identified the +6 mace of Havoc {chaos, rF+ rC+}
 60986 | Zig:6    | Entered Level 6 of a ziggurat
 61014 | Zig:6    | Identified the staff of conjuration "Deoqiges" {Str+2
                  | Int+5}
 61033 | Zig:7    | Entered Level 7 of a ziggurat
 61041 | Zig:7    | Noticed a juggernaut
 61042 | Zig:7    | Killed a juggernaut
 61043 | Zig:7    | Reached skill level 1 in Armour
 61058 | Zig:7    | Identified the ring "Yfehun" {rElec rPois Str+4 Int+4}
 61065 | Zig:7    | Identified the amulet "Buqappet" {Spirit rN++}
 61069 | Zig:7    | Identified the +1 ring mail of Hudd {rC+}
 61074 | Zig:8    | Entered Level 8 of a ziggurat
 61112 | Zig:9    | Entered Level 9 of a ziggurat
 61121 | Zig:9    | Noticed a royal mummy
 61123 | Zig:9    | Killed a royal mummy
 61124 | Zig:9    | Reached skill level 2 in Armour
 61124 | Zig:9    | Reached skill level 20 in Fire Magic
 61131 | Zig:9    | Found the amulet of Vitality {RegenMP++ Regen++}
 61167 | Zig:10   | Entered Level 10 of a ziggurat
 61179 | Zig:10   | Noticed a royal mummy
 61180 | Zig:10   | Noticed a royal mummy
 61182 | Zig:10   | Killed a royal mummy
 61182 | Zig:10   | Killed a royal mummy
 61183 | Zig:10   | Reached skill level 20 in Spellcasting
 61201 | Zig:10   | Identified the +1 sling of the Fresh God {flame, Fragile
                  | +Blink MP-9 Str+8}
 61203 | Zig:10   | Identified the +6 scimitar of Conservatism {drain, rElec
                  | rPois Will+}
 61205 | Zig:10   | Got the Volume of Battle Magic and the Congregation
 61209 | Zig:10   | Identified the +7 lajatang "Qekoutun" {heavy, *Rage +Blink
                  | rCorr Stlth+}
 61215 | Zig:11   | Entered Level 11 of a ziggurat
 61229 | Zig:11   | Reached skill level 3 in Armour
 61229 | Zig:11   | Reached XP level 26. HP: 191/191 MP: 47/47
 61243 | Zig:11   | Identified the staff of conjuration "Levesid" {rElec rF+++
                  | MP-9 Stlth-}
 61257 | Zig:11   | Identified the +2 scale mail of Nanat {rElec rPois Dex-2}
 61271 | Zig:12   | Entered Level 12 of a ziggurat
 61282 | Zig:12   | Noticed a dread lich
 61282 | Zig:12   | Noticed an ancient lich
 61283 | Zig:12   | Noticed a dread lich
 61284 | Zig:12   | Reached skill level 20 in Conjurations
 61284 | Zig:12   | Killed a dread lich
 61284 | Zig:12   | Killed a dread lich
 61285 | Zig:12   | Reached skill level 4 in Armour
 61286 | Zig:12   | Killed an ancient lich
 61286 | Zig:12   | Killed a dread lich
 61313 | Zig:12   | Identified the ring of Fewuson {Str+3 Slay+4}
 61317 | Zig:12   | Identified the +9 great mace "Hell-Harrower" {spect, rF++
                  | Will+ rCorr Str+3}
 61364 | Zig:13   | Entered Level 13 of a ziggurat
 61385 | Zig:13   | Found the +10 zealot's sword {holy, Zealotry, *Rage rN+
                  | EV+3}
 61406 | Zig:13   | Got the Almanac of Changes and the Excursion
 61410 | Zig:13   | Learned a level 2 spell: Blink
 61423 | Zig:13   | Identified the staff of death "Salieryd" {rElec rN+ Will+
                  | rCorr Str+3}
 61438 | Zig:14   | Entered Level 14 of a ziggurat
 61454 | Zig:14   | Reached skill level 5 in Armour
 61457 | Zig:14   | Reached skill level 12 in Shields
 61500 | Zig:14   | Got Hermetics of Boris
 61509 | Zig:14   | Identified the +0 helmet "Jeokis" {rC+ MP+9}
 61527 | Zig:15   | Entered Level 15 of a ziggurat
 61549 | Zig:15   | Reached skill level 6 in Armour
 61577 | Zig:15   | Identified the staff of conjuration "Weott" {+Blink Fly rC-
                  | Int+2}
 61580 | Zig:15   | Identified the +0 rapier "Ydet" {drain, *Rage Int+3}
 61582 | Zig:15   | Identified the +0 chain mail "Xacruok" {+Inv rC+ Slay+2}
 61584 | Zig:15   | Identified the ring "Wughapte" {rF+ rN+}
 61600 | Zig:16   | Entered Level 16 of a ziggurat
 61620 | Zig:16   | Noticed Wuruil the pandemonium lord
 61623 | Zig:16   | Reached skill level 12 in Dodging
 61623 | Zig:16   | Killed Wuruil the pandemonium lord
 61633 | Zig:16   | Reached skill level 7 in Armour
 61638 | Zig:16   | Found the +12 pair of quick blades "Gyre" and "Gimble"
                  | {protect}
 61649 | Zig:16   | Identified the +12 short sword "Baumujib" {freeze, rElec
                  | Str+5 Dex-2}
 61650 | Zig:16   | Identified the +10 quarterstaff of Mitos {freeze, Drain
                  | rPois rCorr MP+9}
 61651 | Zig:16   | Identified the +1 war axe of the Inferno {heavy, Fly rElec
                  | rN+ MP+9}
 61669 | Zig:16   | Identified the +8 morningstar of Destruction {speed, rPois
                  | Stlth+}
 61678 | Zig:17   | Entered Level 17 of a ziggurat
 61700 | Zig:17   | Reached skill level 21 in Fire Magic
 61705 | Zig:17   | Reached skill level 21 in Spellcasting
 61707 | Zig:17   | Reached XP level 27. HP: 197/197 MP: 48/48
 61748 | Zig:17   | Identified the +5 chain mail of Subuat {Fly Will+}
 61757 | Zig:17   | Identified the +10 short sword "Widowmaker" {heavy, rC+}
 61758 | Zig:17   | Identified the +9 great mace of Roidegana {pain, Will+
                  | rCorr Int+3}
 61761 | Zig:17   | Identified the +5 scimitar of Wiukhlan {spect, rElec
                  | Stlth+}
 61768 | Zig:18   | Entered Level 18 of a ziggurat
 61787 | Zig:18   | Reached skill level 8 in Armour
 61787 | Zig:18   | Reached skill level 21 in Conjurations
 61787 | Zig:18   | Reached skill level 1 in Air Magic
 61794 | Zig:18   | Reached skill level 2 in Air Magic
 61855 | Zig:18   | Identified the +1 helmet of the Fiddle {rN+ Str+2}
 61865 | Zig:18   | Identified the +5 trident of Tartarus {chaos, Fragile rCorr
                  | Str+3 SInv}
 61870 | Zig:18   | Identified the +1 robe "Gerof" {rC+ Regen+ Str+3}
 61881 | Zig:19   | Entered Level 19 of a ziggurat
 61907 | Zig:19   | Killed a juggernaut
 61908 | Zig:19   | Reached skill level 9 in Armour
 61908 | Zig:19   | Killed a juggernaut
 61909 | Zig:19   | Reached skill level 3 in Air Magic
 62038 | Zig:19   | Identified the staff of air "Foibregh" {+Blink rElec rN+}
 62054 | Zig:19   | Identified the +5 quarterstaff of Symmetry {holy, Fly rF+
                  | rC- Dex+3}
 62078 | Zig:20   | Entered Level 20 of a ziggurat
 62092 | Zig:20   | Noticed a dread lich
 62094 | Zig:20   | Noticed an ancient lich
 62096 | Zig:20   | Killed an ancient lich
 62096 | Zig:20   | Killed a dread lich
 62101 | Zig:20   | Killed a dread lich
 62102 | Zig:20   | Reached skill level 4 in Air Magic
 62103 | Zig:20   | Noticed an ancient lich
 62105 | Zig:20   | Killed an ancient lich
 62106 | Zig:20   | Reached skill level 10 in Armour
 62114 | Zig:20   | Found the +10 dark maul {heavy}
 62127 | Zig:20   | Acquired the Quarto of Moving Stolen Souls
 62145 | Zig:20   | Got Vehumet's Quarto of Damage
 62148 | Zig:20   | Identified the +6 glaive of the Lair of Beasts {vamp,
                  | Fragile rPois rN+++ Str+2}
 62149 | Zig:20   | Identified the staff of death "Hagae" {rF++ rC+++ rN+ Dex+2
                  | Stlth-}
 62152 | Zig:20   | Identified the +1 falchion of Distant Shores {freeze, rPois
                  | Dex+6}
 62187 | Zig:21   | Entered Level 21 of a ziggurat
 62215 | Zig:21   | Reached skill level 1 in Throwing
 62218 | Zig:21   | Reached skill level 2 in Throwing
 62222 | Zig:21   | Reached skill level 22 in Fire Magic
 62223 | Zig:21   | Reached skill level 3 in Throwing
 62227 | Zig:21   | Reached skill level 22 in Spellcasting
 62227 | Zig:21   | Reached skill level 5 in Air Magic
 62269 | Zig:21   | Identified the ring "Racius" {rElec Int+6 Dex+2}
 62281 | Zig:21   | Got Beekloak's Disquisition on Baleful Grit
 62289 | Zig:21   | Identified the +2 ring mail "Edamm" {SInv}
 62290 | Zig:21   | Identified the staff of air "Enibonli" {rElec rF+ Str-5
                  | Dex+6}
 62293 | Zig:21   | Identified the ring "Reoryast" {rPois Will+ Int+2 Dex+3}
 62297 | Zig:22   | Entered Level 22 of a ziggurat
 62326 | Zig:22   | Reached skill level 4 in Throwing
 62326 | Zig:22   | Reached skill level 22 in Conjurations
 62358 | Zig:22   | Identified the +10 halberd of Mandamus {chaos, rN+ Dex+5}
 62363 | Zig:22   | Identified the +1 pearl dragon scales of Hopscotch {rElec
                  | rPois rN+ Stlth+}
 62370 | Zig:22   | Identified the ring of Uxzial {rF+ rN+ Slay+3}
 62371 | Zig:22   | Identified the staff of fire "Orastrul" {Fragile rF+ rN+
                  | Will- Int+8}
 62381 | Zig:22   | Identified the +6 quarterstaff "Newtslayer" {heavy, Will+
                  | rCorr Dex+4}
 62404 | Zig:23   | Entered Level 23 of a ziggurat
 62429 | Zig:23   | Reached skill level 5 in Throwing
 62431 | Zig:23   | Reached skill level 6 in Air Magic
 62438 | Zig:23   | Reached skill level 6 in Throwing
 62510 | Zig:24   | Entered Level 24 of a ziggurat
 62544 | Zig:24   | Reached skill level 7 in Throwing
 62552 | Zig:24   | Found the ring of the Octopus King
 62561 | Zig:24   | Identified the ring "Bopat" {Will+ Int+4}
 62562 | Zig:24   | Identified a ring of the Octopus King {Fly HP+2 AC+2 EV+2
                  | SH+2}
 62565 | Zig:24   | Identified the ring "Viss" {Contam rF++ Will++ Str+6}
 62569 | Zig:24   | Identified the +7 long sword "Neatixie" {elec, Dex+5}
 62574 | Zig:24   | Identified the +5 rapier of Ritit {venom, Will- Str+7
                  | Int-5}
 62575 | Zig:24   | Identified the staff of death "Fulobb" {rN+ Int+3}
 62590 | Zig:24   | Identified the staff of fire "Aruna" {+Blink rElec rF+ rC-
                  | Stlth+}
 62596 | Zig:25   | Entered Level 25 of a ziggurat
 62623 | Zig:25   | Noticed Hahenefa's ghost (legendary DsWn)
 62624 | Zig:25   | Noticed Hiz Mun's ghost (veteran MfGl)
 62629 | Zig:25   | Killed Hahenefa's ghost
 62629 | Zig:25   | Killed Hiz Mun's ghost
 62629 | Zig:25   | Noticed Sayfri's ghost (legendary DrTm)
 62630 | Zig:25   | Noticed Piash's ghost (master OgEE)
 62631 | Zig:25   | Noticed Jiheses's ghost (legendary DEAE)
 62632 | Zig:25   | Noticed Has Pue's ghost (legendary FoFi)
 62632 | Zig:25   | Noticed Yllipt's ghost (legendary GnWr)
 62632 | Zig:25   | Killed Piash's ghost
 62632 | Zig:25   | Killed Has Pue's ghost
 62632 | Zig:25   | Noticed Piash's ghost (master OgEE)
 62633 | Zig:25   | Reached skill level 7 in Air Magic
 62633 | Zig:25   | Noticed Sayfri's ghost (legendary DrTm)
 62634 | Zig:25   | Noticed Jataj's ghost (legendary GrFi)
 62635 | Zig:25   | Killed Piash's ghost
 62637 | Zig:25   | Killed Sayfri's ghost
 62638 | Zig:25   | Killed Sayfri's ghost
 62646 | Zig:25   | Noticed UltrafastDeath's ghost (legendary DECj)
 62649 | Zig:25   | Killed UltrafastDeath's ghost
 62650 | Zig:25   | Reached skill level 8 in Throwing
 62659 | Zig:25   | Killed Jiheses's ghost
 62663 | Zig:25   | Noticed Zaib's ghost (legendary CeHu)
 62683 | Zig:25   | Identified the staff of conjuration "Heiref" {rPois Will+
                  | Str+2}
 62686 | Zig:25   | Identified the staff of earth "Biuv" {rF+}
 62689 | Zig:25   | Identified the +5 falchion "Nugarud" {spect, *Corrode rC+
                  | Str+2}
 62690 | Zig:25   | Identified the +6 double sword of Fabulous Defiance {pain,
                  | *Rage Dex+5}
 62695 | Zig:25   | Identified the ring "Diull" {MP+9 Str+3 Int-5}
 62702 | Zig:25   | Identified the +5 mace "Goaggisuh" {distort, rN+ Will++
                  | Int-3}
 62714 | Zig:26   | Entered Level 26 of a ziggurat
 62738 | Zig:26   | Reached skill level 23 in Fire Magic
 62743 | Zig:26   | Reached skill level 23 in Spellcasting
 62750 | Zig:26   | Reached skill level 9 in Throwing
 62750 | Zig:26   | Reached skill level 23 in Conjurations
 62768 | Zig:26   | Found the +4 Cigotuvi's embrace {Corpsefed rMiasma Drain
                  | rN+}
 62790 | Zig:26   | Identified the ring "Yntadodd" {rC+ Dex+3 Stlth+}
 62803 | Zig:26   | Identified the +7 scimitar "Lieney" {protect, Dex+3}
 62804 | Zig:26   | Identified the ring of the Good {rN+ AC+4}
 62815 | Zig:26   | Identified the +8 falchion "Jeummias" {venom, *Corrode
                  | Will+ Str+8}
 62828 | Zig:26   | Identified the +0 scale mail of the Hot Ocelot {-Tele +Inv
                  | rCorr Int+5}
 62848 | Zig:27   | Entered Level 27 of a ziggurat
 62870 | Zig:27   | Reached skill level 8 in Air Magic
 62881 | Zig:27   | Reached skill level 10 in Throwing
 62906 | Zig:27   | Found the +5 scythe "Finisher" {speed, eviscerate}
 62912 | Zig:27   | Identified the ring of Qol Wecalli {rPois rN+ MP+9}
 62921 | Zig:27   | Identified the +6 rapier "Mekhle" {flame, rC+ Will+ Int-5}
 62923 | Zig:27   | Identified the +5 glaive "Dadug" {heavy, rPois rC+}
 62934 | Zig:27   | Identified the ring "Esoidgho" {AC+4 Str+6}
 62936 | Zig:27   | Identified the +7 short sword of Valiance {pain, Str+4
                  | Int-2}
 62937 | Zig:27   | Identified the +6 great sword "Pyur" {vamp, *Corrode +Blink
                  | rF++}
 62966 | Depths:2 | Learned a level 8 spell: Maxwell's Capacitive Coupling
 63107 | Zot:1    | Entered Level 1 of the Realm of Zot
 63240 | Zot:1    | Noticed an orb of fire
 63244 | Zot:1    | Killed an orb of fire
 63300 | Zot:1    | Reached skill level 9 in Air Magic
 63302 | Zot:1    | Reached skill level 11 in Throwing
 63618 | Zot:1    | Noticed an orb of fire
 63621 | Zot:1    | Killed an orb of fire
 63622 | Zot:1    | Reached skill level 24 in Fire Magic
 63677 | Zot:1    | Reached skill level 24 in Spellcasting
 64460 | Zot:2    | Reached skill level 12 in Throwing
 64498 | Zot:2    | Identified the +0 leather armour of Perfidy {Will- Str+5
                  | Dex+3}
 64561 | Zot:2    | Reached skill level 10 in Air Magic
 64908 | Zot:2    | Noticed an orb of fire
 64911 | Zot:2    | Killed an orb of fire
 65378 | Zot:3    | Reached skill level 25 in Fire Magic
 66595 | Zot:4    | Noticed a dread lich
 66598 | Zot:4    | Killed a dread lich
 66600 | Zot:4    | Noticed a dread lich
 66602 | Zot:4    | Killed a dread lich
 66720 | Zot:4    | Paralysed by a floating eye for 4 turns
 66741 | Zot:4    | Noticed a dread lich
 66743 | Zot:4    | Killed a dread lich
 66792 | Zot:4    | Noticed a dread lich
 66797 | Zot:4    | Killed a dread lich
 66798 | Zot:4    | Reached skill level 26 in Fire Magic
 66922 | Zot:4    | Identified the staff of earth "Coywnuew" {Stlth+}
 67169 | Zot:5    | Entered Level 5 of the Realm of Zot
 67535 | Zot:5    | Noticed a dread lich
 67536 | Zot:5    | Killed a dread lich
 67548 | Zot:5    | Noticed an orb of fire
 67551 | Zot:5    | Killed an orb of fire
 67592 | Zot:5    | Noticed an ancient lich
 67604 | Zot:5    | Killed an ancient lich
 67604 | Zot:5    | Noticed a dread lich
 67606 | Zot:5    | Killed a dread lich
 67627 | Zot:5    | Noticed an orb of fire
 67630 | Zot:5    | Killed an orb of fire
 67694 | Zot:5    | Noticed an ancient lich
 67696 | Zot:5    | Killed an ancient lich
 67718 | Zot:5    | Reached skill level 27 in Fire Magic
 67725 | Zot:5    | Learned a level 6 spell: Iron Shot
 67752 | Zot:5    | Noticed an ancient lich
 67754 | Zot:5    | Killed an ancient lich
 67759 | Zot:5    | Reached skill level 1 in Earth Magic
 67790 | Zot:5    | Reached skill level 2 in Earth Magic
 67845 | Zot:5    | Noticed an orb of fire
 67849 | Zot:5    | Killed an orb of fire
 67861 | Zot:5    | Reached skill level 3 in Earth Magic
 67937 | Zot:5    | Got the Orb of Zot
 68102 | Depths:4 | Noticed Tonof the pandemonium lord
 68105 | Depths:4 | Killed Tonof the pandemonium lord
 68447 | D:$      | Escaped with the Orb!

Illustrated notes

Levels and vault maps discovered:
D:1:      sevenhm_arrival_forest_fort_small_5, layout_basic, hex_medium
D:2:      layout_rooms, nicolae_ecumenical_pavilion, serial_bayou_pond_a,
          st_stairs_1, kennysheep_generic_room_14
D:3:      layout_basic, mainiacjoe_overflow_alcove_1, serial_forest,
          infiniplex_forest_corner_1, infiniplex_forest_end_3,
          infiniplex_forest_straight_4, infiniplex_forest_clump_double,
          infiniplex_forest_clump_small, infiniplex_forest_join
D:4:      layout_cave_pools, marbit_many_paths, chequers_serial_rivers_micro_a
D:5:      layout_loops_ring
D:6:      layout_rooms, kennysheep_ying_yang, mainiacjoe_overflow_alcove_4,
          mainiacjoe_overflow_tiny_flanked, kennysheep_mini,
          minmay_temple_entry_arrows, serial_shops, nicolae_stop_n_shop_1,
          serial_bayou_lagoon_b
D:7:      layout_loops_ring, lemuel_crystal_altar,
          nicolae_qazlal_eye_of_the_storm, nicolae_overflow_squiral,
          serial_shops, nicolae_shop_waterfront, kennysheep_small_square
D:8:      layout_gridville, nicolae_overflow_crystal_walls,
          ashenzari_conservatory_becter, minmay_lair_entry_grove,
          nicolae_shop_gadgets
D:9:      layout_irregular_city, orc_david_3, nicolae_island_escapes,
          uniq_maurice
D:10:     layout_loops_corners, gammafunk_temple_overflow_wave, serial_shops,
          shop_statue, kennysheep_pointless_box
D:11:     layout_basic, serial_shops, bzr_entry_water, enter_trove_5
D:12:     layout_basic, minmay_statue_crystal_thing
D:13:     layout_loops_corners, ximxim_vaults_locker_room
D:14:     layout_loops_corners, serial_shops, shop,
          nicolae_wu_jian_immortal_techniques, uniq_roxanne
D:15:     hangedman_depths_entry_civil_slaughter, layout_cave_pools,
          lemuel_old_faithful
Temple:   hellmonk_temple_of_storms
Lair:1:   layout_small_grid, gauntlet_entry_generic, gammafunk_ghost_arena,
          minivault_25, serial_bayou_ford_a, nicolae_quartered_pool_super,
          minivault_27, minmay_lair_oklob_items, infiniplex_staircase_pool,
          serial_bayou_shore_b
Lair:2:   layout_long_grid, nicolae_snake_entry_squirm, roderic_carrion_pond,
          uniq_amaemon
Lair:3:   nzn_winding_woodlands_cross [nzn_winding_woodlands_5x15_twine,
          nzn_winding_woodlands_5x15_jagged,
          nzn_winding_woodlands_5x15_longhouse,
          nzn_winding_woodlands_5x15_river_crossing,
          nzn_winding_woodlands_15x15_five_gardens], layout_chaotic_city,
          minmay_swamp_entry_swarm, serial_bayou, serial_bayou_pond_a,
          serial_bayou_pond_e, serial_bayou_pond_c, serial_bayou_lake_a,
          serial_bayou_shore_b, cheibrodos_lair_lostbears, lemuel_fruit_tree,
          serial_bayou_shore_b, uniq_gastronok
Lair:4:   layout_cave_pods, ebering_ghost_funeral_grove, st_stairs_10,
          lemuel_fruit_fields, uniq_snorg
Lair:5:   hellmonk_lair_end_abyssal_woods, layout_cave_pods,
          nicolae_slime_entry_field_trip, gammafunk_ghost_cemetery,
          eino_small_chamber_without_monster, grunt_megastairs_3, uniq_rupert
Swamp:1:  layout_basic_swamp, nicolae_swamp_tree_isthmus, swamp_pool5
Swamp:2:  layout_basic_swamp, evilmike_swamp_ruin_house_1, swamp_pool3,
          uniq_nikola
Swamp:3:  layout_falls_marsh, gammafunk_ghost_berserking_beasts,
          nicolae_swamp_ascending_descending, swamp_pool5,
          nicolae_swamp_triple_paths, uniq_kirke
Swamp:4:  swamp_fiery, layout_basic_swamp, swamp_pool5, ldierk_geyser
Snake:1:  nicolae_snake_nest, layout_gridlike, drop_trap
Snake:2:  layout_basic, ebering_ghost_xom, hangedman_snake_pattern,
          grunt_megastairs_2
Snake:3:  cheibrodos_snake_ritualist_ritual, layout_cave_pods, minmay_shop_grove
Snake:4:  snake_pit_salamanders_mu, layout_gridlike, st_stairs_5,
          nicolae_snake_slithery_hallway, uniq_aizul, uniq_louise
Slime:1:  layout_caves
Slime:2:  layout_caves, cheibrodos_slime_lost_civilization_4
Slime:3:  layout_caves, cheibrodos_slime_lost_civilization_5
Slime:4:  layout_caves
Slime:5
Orc:1:    layout_diamond_mine, uniq_josephine, uniq_harold
Orc:2:    st_orc_mages, layout_caves, mines5_lemuel, uniq_nessos
Elf:1:    minmay_elf_arrival_plus, layout_geoelf_diagonals,
          minmay_elf_annihilation, drop_trap
Elf:2:    elven_hall_of_blades_hangedman_original
          [nicolae_blade_entry_diamond_columns], layout_rooms, uniq_jorgrun,
          uniq_agnes
Elf:3:    minmay_elf_hall_curves, layout_gridlike, serial_shops,
          nicolae_shop_statue_plus
Vaults:1: nicolae_vaults_twisting_passages, vaults_dpeg_doors,
          grunt_vaults_trifunnel, vaults_room_corners,
          vaults_standard_mumra_enter_the_diamond, vaults_dpeg_diagonal,
          layout_vaults_big_room, uniq_zenata, uniq_asterion
Vaults:2: v_pattern_2, vaults_room_door_ring, hangedman_vaults_corner_blocks,
          vaults_standard_mumra_enter_the_diamond, v_rooms_5,
          grunt_vaults_funnel, nicolae_vaults_bisected_exclaves,
          nicolae_vaults_little_squares_2, hangedman_vaults_stream,
          vaults_room_ringed_pool, nicolae_vaults_little_squares_1,
          layout_vaults_omnibox, uniq_mara, uniq_jory, uniq_margery
Vaults:3: nicolae_vaults_windows_and_doors_thing, hangedman_vaults_slice,
          ontoclasm_vaults_idyll, ontoclasm_vaults_hangar, vaults_room_corners,
          minmay_crypt_entry_simple_sparse, hangedman_vaults_trim,
          nicolae_vaults_network_square, nicolae_vaults_little_squares_6,
          kb_rosetta, vaults_room_semicircle, layout_vaults_omnigrid,
          serial_shops, nicolae_shop_advertising_works
          [nicolae_subvault_shop_adworks]
Vaults:4: dpeg_vaults_monster_box, nicolae_vaults_puzzle_piece,
          vaults_room_fancy_cross, vaults_dpeg_spiral, v_misc_33, v_misc_17,
          nicolae_vaults_big_ls, nicolae_vaults_fighting_squares,
          dpeg_vaults_monster_row, vaults_mumra_hexcomb, v_misc_25,
          nicolae_vaults_little_squares_3, layout_vaults_ring, serial_shops,
          shop, uniq_xtahua
Vaults:5
Crypt:1:  layout_catacombs, grunt_megastairs_4
Crypt:2:  layout_regular_city
Crypt:3:  lightli_unholy_cathedral, layout_chaotic_city,
          tomb_entry_shell_bobbens, lemuel_nasty_fountain
Tomb:1:   uniq_boris
Tomb:2
Depths:1: layout_cave_shapes, hangedman_geh_valley,
          nicolae_shop_i_like_big_books, eat_drink_and_be_merry_uskayaw,
          minmay_shoptagon, serial_bayou_shore_b
Depths:2: minmay_the_grid_octo_tiled_octocenter_mashed
          [minmay_the_grid_octo_fat_diamond, minmay_the_grid_octo_empty,
          minmay_the_grid_octo_vomiting_pacman, minmay_the_grid_octo_concentric,
          minmay_the_grid_octo_prize_square_snowflake,
          minmay_the_grid_square_5x5_n, minmay_the_grid_square_5x5_two_small,
          minmay_the_grid_square_5x5_six_small,
          minmay_the_grid_square_5x5_seven], layout_gridlike, enter_ziggurat_d,
          pf_hell_entry_tar_river, minmay_misc_feat_columns,
          rand_demon_pan_entry_8, interstate_on_off, grunt_gozag_statues,
          serial_bayou_shore_b
Depths:3: gammafunk_dig_for_victory, layout_gridlike, abyss_entry, hell_entry,
          grunt_pan_entry_in_and_out
Depths:4: evilmike_zot_entry_gauntlet, layout_small_grid, hell_entry,
          hangedman_decor_push
Zot:1:    layout_concentric_octagons, uniq_josephina
Zot:2:    layout_twisted_circle
Zot:3:    layout_concentric_octagons
Zot:4:    hellmonk_paralyzer, layout_misc_corridors
Zot:5:    layout_twisted_circle

Skill      XL: |  1  2  3  4  5  6  7  8  9 10 11 12 13 14 15 16 17 18 19 20 21 22 23 24 25 26 27 |
---------------+----------------------------------------------------------------------------------+-----
Conjurations   | 1 2 3 4 5 7 8 10 11 12 13 14 15 16 17 18 19 20 23 | 23.0
Spellcasting   | 3 4 5 6 7 9 10 11 12 13 14 15 16 17 18 19 20 21 24 | 24.2
Fire Magic     | 3 4 5 6 7 9 10 11 12 13 14 15 16 17 18 19 20 21 27 | 27.0
Translocations | 1 2 3 4 5 |  5.0
Poison Magic   | 3 4 5 6 7 8 9 10 | 10.0
Staves         | 1 3 4 5 6 7 8 9 10 11 12 | 12.0
Evocations     | 1 3 4 5 6 7 8 9 10 | 10.0
Fighting       | 1 3 5 6 7 8 9 10 11 12 | 12.0
Shields        | 2 3 4 5 6 7 8 9 10 11 12 | 12.3
Transmutations | 2 3 4 5 6 7 8 |  8.0
Dodging        | 2 3 4 5 6 7 8 9 10 11 12 | 12.3
Hexes          | 2 3 4 |  4.0
Armour         | 3 7 10 | 10.7
Air Magic      | 10 | 10.3
Throwing       | 12 | 12.2
Earth Magic    | 3 |  3.6
Stealth        | |  1.5

Action                     |  1- 3 |  4- 6 |  7- 9 | 10-12 | 13-15 | 16-18 | 19-21 | 22-24 | 25-27 || total
---------------------------+-------+-------+-------+-------+-------+-------+-------+-------+-------++-------
  Melee: Unarmed           |    12 |       |       |       |       |       |       |       |       ||    12
         Short sword       |    50 |    24 |       |       |       |       |       |       |       ||    74
         Trident           |       |    29 |    68 |    58 |       |       |       |       |       ||   155
         Punch             |       |     2 |     1 |     2 |       |       |       |       |       ||     5
         Staff             |       |       |       |   115 |   299 |    98 |   213 |   184 |   166 ||  1075
         Broad axe         |       |       |       |       |     5 |       |       |       |       ||     5
  Throw: Dart              |       |       |       |     5 |       |       |       |     3 |       ||     8
   Cast: Foxfire           |    42 |     4 |       |     3 |       |       |       |       |       ||    49
         Scorch            |     3 |    52 |   151 |   139 |   164 |    19 |     1 |       |       ||   529
         Flame Wave        |       |       |     3 |    13 |    10 |     2 |       |       |       ||    28
         Sticky Flame      |       |       |       |    59 |    65 |    30 |    31 |     4 |     1 ||   190
         Fireball          |       |       |       |    26 |   124 |   328 |   379 |   429 |   128 ||  1414
         Olgreb's Toxic Ra |       |       |       |     2 |    53 |    32 |    47 |     9 |       ||   143
         Ignite Poison     |       |       |       |     1 |    30 |    27 |    23 |       |       ||    81
         Iskenderun's Myst |       |       |       |       |    37 |   120 |    33 |    20 |    17 ||   227
         Plasma Beam       |       |       |       |       |    13 |    28 |   130 |    55 |     1 ||   227
         Irradiate         |       |       |       |       |       |    37 |    36 |    17 |    20 ||   110
         Yara's Violent Un |       |       |       |       |       |     4 |    25 |    10 |     2 ||    41
         Ignition          |       |       |       |       |       |       |    11 |    79 |    88 ||   178
         Orb of Destructio |       |       |       |       |       |       |       |    35 |    27 ||    62
         Fire Storm        |       |       |       |       |       |       |       |       |   329 ||   329
         Blink             |       |       |       |       |       |       |       |       |     1 ||     1
  Evoke: Wand              |       |       |       |    10 |    22 |     3 |    12 |     6 |     4 ||    57
         Phantom mirror    |       |       |       |       |     1 |       |     1 |       |       ||     2
         Piece from Xom's  |       |       |       |       |       |     2 |     1 |       |       ||     3
         Box of beasts     |       |       |       |       |       |       |     1 |       |       ||     1
         Condenser vane    |       |       |       |       |       |       |     1 |       |       ||     1
    Use: Scroll            |       |     2 |     9 |     7 |     1 |     7 |     5 |     8 |    15 ||    54
   Stab: Sleeping          |       |     2 |       |     1 |       |     1 |       |       |       ||     4
         Petrifying        |       |       |       |       |     1 |       |       |       |       ||     1
         Petrified         |       |       |       |       |     1 |       |       |       |       ||     1
 Armour: Robe              |    18 |    24 |    43 |     9 |    84 |    22 |       |       |       ||   200
         Troll leather arm |       |       |       |    78 |    63 |    47 |    99 |    59 |    88 ||   434
  Dodge: Dodged            |    49 |    49 |   133 |   302 |   222 |   148 |   199 |   111 |   184 ||  1397
  Block: Buckler           |       |       |       |       |   195 |   124 |   139 |   106 |   164 ||   728
         Reflection        |       |       |       |       |    19 |    31 |    19 |    24 |    24 ||   117

Table legend: (Time is in decaauts)
 A = Elapsed time spent in this place.
 B = Non-inter-level travel time spent in this place.
 C = Inter-level travel time spent in this place.
 D = Time resting spent in this place.
 E = Time spent auto-exploring this place.
 F = Levels seen in this place.
 G = Mean time per level.
                   A        B        C        D        E       F      G
               +--------+--------+--------+--------+--------+-----+--------+
         Total |  68598 |  61241 |   7357 |  15417 |  29343 |  88 |  779.5 |
       Dungeon |  18070 |  15182 |   2888 |   4179 |   8022 |  15 | 1204.7 |
        Temple |     39 |     32 |      7 |      0 |      0 |   1 |   39.0 |
          Lair |   8359 |   7018 |   1341 |   1968 |   3323 |   5 | 1671.8 |
         Swamp |   3106 |   2735 |    371 |    605 |   1480 |   4 |  776.5 |
     Snake Pit |   4855 |   4667 |    188 |    926 |   2470 |   4 | 1213.8 |
    Slime Pits |   1774 |   1706 |     68 |    704 |    364 |   5 |  354.8 |
  Orcish Mines |   1793 |   1544 |    249 |    341 |    809 |   2 |  896.5 |
   Elven Halls |   5146 |   4948 |    198 |   2329 |   1379 |   3 | 1715.3 |
        Vaults |   7783 |   7127 |    656 |   1711 |   3936 |   5 | 1556.6 |
         Crypt |   3129 |   2759 |    370 |    344 |   1773 |   3 | 1043.0 |
          Tomb |   1225 |    959 |    266 |    209 |    407 |   2 |  612.5 |
        Depths |   5386 |   4860 |    526 |    908 |   2264 |   4 | 1346.5 |
           Zot |   4911 |   4690 |    221 |    587 |   3071 |   5 |  982.2 |
      Ziggurat |   2379 |   2379 |      0 |    455 |      8 |  27 |   88.1 |
        Bazaar |     97 |     97 |      0 |     42 |     36 |   1 |   97.0 |
         Trove |    101 |    101 |      0 |      0 |      0 |   1 |  101.0 |
      Gauntlet |    437 |    437 |      0 |    108 |      0 |   1 |  437.0 |
               +--------+--------+--------+--------+--------+-----+--------+

Top non-repeatable levels by time:
   Elf:3: 3344 daAuts
  Lair:3: 2255 daAuts
  Lair:5: 1985 daAuts
    D:12: 1980 daAuts
 Snake:4: 1958 daAuts
    D:10: 1778 daAuts
Depths:2: 1719 daAuts
     D:8: 1700 daAuts
Vaults:4: 1689 daAuts
    D:14: 1637 daAuts
  Lair:1: 1602 daAuts
Vaults:1: 1600 daAuts
Vaults:3: 1559 daAuts
Depths:3: 1537 daAuts
     D:9: 1533 daAuts
